 Dungeon Crawl Stone Soup version 0.24-a0-441-g27f0392e16 (webtiles) character file.

Game seed: 15791143345550169972

1219388 JellyEater the Archmage (level 27, -10/199 HPs)
             Began as a Gargoyle Earth Elementalist on June 18, 2019.
             Was the Champion of Vehumet.
             Killed by divine providence
             ... invoked by a daeva
              (11 damage)
             ... in Pandemonium on June 20, 2019.
             The game lasted 06:24:58 (98903 turns).

JellyEater the Archmage (GrEE)                     Turns: 98903, Time: 06:24:58

Health: -10/199    AC: 42    Str: 21    XL:     27
Magic:  0/78       EV: 25    Int: 42    God:    Vehumet [******]
Gold:   12205      SH:  5    Dex:  9    Spells: 2/80 levels left

rFire    + + +     SeeInvis +   R - +8 demon blade of Bodily Harmony {flame, rF+ Str+4 Int+6 Dex-3}
rCold    + . .     Gourm    +   v - +0 buckler of Jewoos {rN+ MP+9}
rNeg     + + +     Faith    .   T - +4 moon troll leather armour {Spirit, Regen++ MP+5}
rPois    ∞         Spirit   +   A - +2 hat
rElec    +         Reflect  .   l - scarf {cloud immunity}
rCorr    .         Harm     .   K - +1 pair of gloves of Miank {rN+ Slay+4 Stlth-}
MR       +++..                  D - +0 pair of boots of the Dice {rElec rF++ Slay+6}
Stlth    +.........             r - amulet "Wateowir" {Gourm rN+ Int+4}
HPRegen  0.00/turn              p - ring of Robustness {AC+8}
MPRegen  0.46/turn              o - ring "War Lerus" {rPois rC+ Int+4 Slay+2 SInv}

@: flying, glowing, studying 3 skills
A: big wings, horns 1, thin skeletal structure 1, deformed body, high mp 2,
magic resistance 1, mutation resistance 1, negative energy resistance 1,
electricity resistance, inhibited regeneration, strong 2, unbreathing,
petrification resistance, rot immunity, AC +20
}: 7/15 runes: decaying, serpentine, slimy, silver, abyssal, fiery, dark
a: Stop Flying, Renounce Religion


You were in Pandemonium.
You worshipped Vehumet.
Vehumet was exalted by your worship.
You were full.

You visited 12 branches of the dungeon, and saw 58 of its levels.
You visited Pandemonium 1 time, and saw 10 of its levels.
You visited the Abyss 2 times.
You visited 1 bazaar.
You completed 2 ziggurats, and saw 54 of their levels.
You also visited: Gauntlet and Ice Cave.

You collected 14356 gold pieces.
You spent 2151 gold pieces at shops.

Inventory:

Hand Weapons
 C - the +8 lance "Wyrmbane" {slay drac, rPois rF+ rC+ AC+3}
   (You found it on level 15 of a ziggurat)

   It affects your AC (+3).
   It protects you from fire.
   It protects you from cold.
   It protects you from poison.
 R - the +8 demon blade of Bodily Harmony (weapon) {flame, rF+ Str+4 Int+6 Dex-3}
   (You found it in an ice cave)

   It has been specially enchanted to burn those struck by it, causing extra
   injury to most foes and up to half again as much damage against particularly
   susceptible opponents.
   Big, fiery blades are also staple armaments of hydra-hunters.
   It affects your strength (+4).
   It affects your intelligence (+6).
   It affects your dexterity (-3).
   It protects you from fire.
Missiles
 L - 57 silver javelins (quivered)
Armour
 l - a scarf of cloud immunity (worn)
 v - the +0 buckler of Jewoos (worn) {rN+ MP+9}
   (You found it on level 22 of a ziggurat)

   It protects you from negative energy.
   It affects your magic capacity (+9).
 A - a +2 hat (worn)
 D - the +0 pair of boots of the Dice (worn) {rElec rF++ Slay+6}
   (You found it on level 2 of the Depths)

   It affects your accuracy and damage with ranged weapons and melee attacks
   (+6).
   It greatly protects you from fire.
   It insulates you from electricity.
 K - the +1 pair of gloves of Miank (worn) {rN+ Slay+4 Stlth-}
   (You found it on level 5 of the Pits of Slime)

   It affects your accuracy and damage with ranged weapons and melee attacks
   (+4).
   It protects you from negative energy.
   It makes you less stealthy.
 T - the +4 moon troll leather armour (worn) {Spirit, Regen++ MP+5}
   (You found it on level 16 of a ziggurat)

   It affects your magic capacity (+5).
   It increases your rate of regeneration.
Jewellery
 i - the ring of Gluttony {rC+ rCorr}
   (You took it off an efreet in Pandemonium)

   [ring of resist corrosion]

   It protects you from cold.
   It provides partial protection from all sources of acid and corrosion.
 k - the ring "Iviowom" {Wiz +Inv}
   (You found it on level 24 of a ziggurat)

   [ring of wizardry]

   It improves your spell success rate.
   It lets you turn invisible.
 o - the ring "War Lerus" (right hand) {rPois rC+ Int+4 Slay+2 SInv}
   (You found it in a Gauntlet)

   [ring of see invisible]

   It affects your intelligence (+4).
   It affects your accuracy and damage with ranged weapons and melee attacks
   (+2).
   It protects you from cold.
   It protects you from poison.
   It lets you see invisible.
 p - the ring of Robustness (left hand) {AC+8}
   (You found it on level 5 of the Vaults)

   [ring of protection]

   It affects your AC (+8).
 r - the amulet "Wateowir" (around neck) {Gourm rN+ Int+4}
   (You found it on level 5 of the Dungeon)

   [amulet of the gourmand]

   It allows you to eat raw meat even when not hungry.
   It affects your intelligence (+4).
   It protects you from negative energy.
 E - the ring of the Fool {rF+ rC+ rN+ Stlth-}
   (You took it off a warmonger in Pandemonium)

   [ring of attention]

   It protects you from fire.
   It protects you from cold.
   It protects you from negative energy.
   It makes you less stealthy.
Wands
 c - a wand of acid (34)
 x - a wand of disintegration (62)
 y - a wand of iceblast (60)
 G - a wand of clouds (15)
 O - a wand of scattershot (2)
Scrolls
 e - 51 scrolls of remove curse
 g - 18 scrolls of amnesia
 q - 38 scrolls of identify
 s - 11 scrolls of blinking
 t - 46 scrolls of teleportation
 w - a scroll of brand weapon
 F - 39 scrolls of fog
 N - 13 scrolls of magic mapping
 P - 10 scrolls of holy word
 V - 2 scrolls of summoning
Potions
 a - 3 potions of invisibility
 h - 2 potions of berserk rage
 j - 23 potions of curing
 m - 12 potions of heal wounds
 n - 3 potions of haste
 u - 2 potions of cancellation
 z - 3 potions of resistance
 H - 12 potions of brilliance
 J - 5 potions of ambrosia
 M - 6 potions of might
 Q - a potion of agility
 S - a potion of magic
 X - 14 potions of mutation
Books
 b - a manual of Polearms
 I - a manual of Summonings
 Y - a manual of Necromancy
Miscellaneous
 f - a fan of gales
 B - 18 phantom mirrors
 Z - 10 boxes of beasts
Comestibles
 d - 120 rations


   Skills:
 O Level 27 Fighting
 - Level 19.0 Long Blades
 - Level 11.5 Polearms
 - Level 9.0 Armour
 O Level 27 Dodging
 - Level 2.1 Stealth
 - Level 5.5 Shields
 O Level 27 Spellcasting
 O Level 27 Conjurations
 - Level 22.0 Necromancy
 + Level 8.3 Translocations
 - Level 5.0 Transmutations
 + Level 23.9 Fire Magic
 + Level 25.9 Ice Magic
 + Level 24.7 Earth Magic
 - Level 6.0 Evocations


You had 2 spell levels left.
You knew the following spells:

 Your Spells              Type           Power        Failure   Level  Hunger
a - Shatter               Erth           ########..   1%          9    None
b - Controlled Blink      Tloc           N/A          54%         8    None
c - Lee's Rapid Deconstr  Erth           ########..   0%          5    None
d - Iron Shot             Conj/Erth      ########..   0%          6    None
e - Fireball              Conj/Fire      ########..   0%          5    None
f - Bolt of Fire          Conj/Fire      ########..   0%          6    None
g - Ignition              Fire           ########..   1%          8    None
h - Dispel Undead         Necr           ########     0%          5    None
i - Fire Storm            Conj/Fire      ########..   1%          9    None
j - Glaciate              Conj/Ice       ########..   1%          9    None
k - Necromutation         Tmut/Necr      ########..   8%          8    None

Your spell library contained the following spells:

 Spells                   Type           Power        Failure   Level  Hunger
 Animate Skeleton         Necr           N/A          0%          1    None
 Apportation              Tloc           ######       0%          1    None
 Flame Tongue             Conj/Fire      #####        0%          1    None
 Freeze                   Ice            ####         0%          1    None
 Magic Dart               Conj           ####         0%          1    None
 Pain                     Necr           ####         0%          1    None
 Sandblast                Erth           ######       0%          1    None
 Shock                    Conj/Air       ####         0%          1    None
 Sting                    Conj/Pois      ####         0%          1    None
 Blink                    Tloc           N/A          0%          2    None
 Corpse Rot               Necr           N/A          0%          2    None
 Ensorcelled Hibernation  Hex/Ice        ######       0%          2    None
 Passwall                 Tmut/Erth      ########     0%          2    None
 Searing Ray              Conj           ######       0%          2    None
 Throw Flame              Conj/Fire      ######       0%          2    None
 Throw Frost              Conj/Ice       ######       0%          2    None
 Beastly Appendage        Tmut           ######       1%          1    None
 Confusing Touch          Hex            ######       1%          1    None
 Corona                   Hex            ######.      1%          1    None
 Infusion                 Chrm           ####         1%          1    None
 Summon Butterflies       Summ           ######..     1%          1    None
 Summon Small Mammal      Summ           ####         1%          1    None
 Call Imp                 Summ           ######..     1%          2    None
 Poisonous Vapours        Pois/Air       ######       1%          2    None
 Shroud of Golubria       Chrm/Tloc      ######       1%          2    None
 Slow                     Hex            ######..     1%          2    None
 Song of Slaying          Chrm           ######..     1%          2    None
 Sticks to Snakes         Tmut           #######.     1%          2    None
 Swiftness                Chrm/Air       ######..     1%          2    None
 Conjure Flame            Conj/Fire      ########     0%          3    None
 Dazzling Spray           Conj/Hex       ######       0%          3    None
 Ignite Poison            Fire/Tmut/Pois #######.     0%          3    None
 Inner Flame              Hex/Fire       ########     0%          3    None
 Mephitic Cloud           Conj/Pois/Air  #######.     0%          3    None
 Ozocubu's Armour         Chrm/Ice       ########     0%          3    None
 Regeneration             Chrm/Necr      #######...   0%          3    None
 Static Discharge         Conj/Air       ########     0%          3    None
 Stone Arrow              Conj/Erth      ######       0%          3    None
 Vampiric Draining        Necr           ########..   0%          3    None
 Animate Dead             Necr           N/A          0%          4    None
 Force Lance              Conj/Tloc      ########     0%          4    None
 Fulminant Prism          Conj/Hex       ########..   0%          4    None
 Ice Form                 Ice/Tmut       ########     0%          4    None
 Iskenderun's Mystic Bla  Conj           ########     0%          4    None
 Petrify                  Tmut/Erth      ########     0%          4    None
 Sticky Flame             Conj/Fire      ########     0%          4    None
 Summon Ice Beast         Ice/Summ       ########     0%          4    None
 Throw Icicle             Conj/Ice       ########     0%          4    None
 Agony                    Necr           ########     0%          5    None
 Bolt of Draining         Conj/Necr      ########..   0%          5    None
 Bolt of Magma            Conj/Fire/Erth ########..   0%          5    None
 Borgnjor's Vile Clutch   Necr/Erth      ########..   0%          5    None
 Irradiate                Conj/Tmut      ########..   0%          5    None
 Bolt of Cold             Conj/Ice       ########..   0%          6    None
 Death Channel            Necr           ########..   0%          6    None
 Ozocubu's Refrigeration  Ice            ########..   0%          6    None
 Simulacrum               Ice/Necr       ########..   0%          6    None
 Orb of Destruction       Conj           ########..   0%          7    None
 Call Canine Familiar     Summ           ######..     1%          3    None
 Confuse                  Hex            ######..     1%          3    None
 Gell's Gravitas          Tloc           #######...   1%          3    None
 Lesser Beckoning         Tloc           #######...   1%          3    None
 Portal Projectile        Hex/Tloc       ######       1%          3    None
 Recall                   Summ/Tloc      N/A          1%          3    None
 Spectral Weapon          Hex/Chrm       ######..     1%          3    None
 Spider Form              Tmut/Pois      ######....   1%          3    None
 Summon Guardian Golem    Hex/Summ       ######..     1%          3    None
 Teleport Other           Tloc           #######.     1%          3    None
 Tukima's Dance           Hex            ######..     1%          3    None
 Airstrike                Air            ######....   1%          4    None
 Leda's Liquefaction      Hex/Erth       ########..   1%          4    None
 Olgreb's Toxic Radiance  Pois           ######..     1%          4    None
 Passage of Golubria      Tloc           N/A          1%          4    None
 Blade Hands              Tmut           #######...   1%          5    None
 Excruciating Wounds      Chrm/Necr      #######...   1%          5    None
 Iskenderun's Battlesphe  Conj/Chrm      ########     1%          5    None
 Lightning Bolt           Conj/Air       ########..   1%          5    None
 Metabolic Englaciation   Hex/Ice        ########..   1%          5    None
 Summon Forest            Summ/Tloc      #######...   1%          5    None
 Venom Bolt               Conj/Pois      ########..   1%          5    None
 Yara's Violent Unravell  Hex/Tmut       ######....   1%          5    None
 Conjure Ball Lightning   Conj/Air       ########..   1%          6    None
 Dispersal                Tloc           #######...   1%          6    None
 Freezing Cloud           Conj/Ice/Air   ########..   1%          6    None
 Poison Arrow             Conj/Pois      ########..   1%          6    None
 Ring of Flames           Chrm/Fire      ########..   1%          7    None
 Spellforged Servitor     Conj/Summ      ########..   1%          7    None
 Borgnjor's Revivificati  Necr           ########..   1%          8    None
 Infestation              Necr           ########..   1%          8    None
 Lehudib's Crystal Spear  Conj/Erth      ########..   1%          8    None
 Haunt                    Necr/Summ      #######...   2%          7    None
 Chain Lightning          Conj/Air       ########..   2%          8    None
 Cause Fear               Hex            ######....   3%          4    None
 Summon Lightning Spire   Summ/Air       ######..     3%          4    None
 Alistair's Intoxication  Tmut/Pois      ######..     3%          5    None
 Hydra Form               Tmut           #######...   6%          6    None
 Silence                  Hex/Air        ######....   9%          5    None
 Summon Mana Viper        Hex/Summ       ######..     9%          5    None
 Death's Door             Chrm/Necr      #######...   22%         8    None
 Dragon Form              Tmut           #######...   32%         7    None
 Darkness                 Hex            ######....   41%         6    None
 Deflect Missiles         Chrm/Air       ######....   41%         6    None
 Invisibility             Hex            ######..     41%         6    None
 Shadow Creatures         Summ           N/A          41%         6    None
 Malign Gateway           Summ/Tloc      #######...   41%         7    None
 Disjunction              Tloc           #######...   54%         8    None
 Monstrous Menagerie      Summ           ######....   94%         7    None
 Summon Greater Demon     Summ           ######....   94%         7    None
 Summon Hydra             Summ           ######....   94%         7    None
 Discord                  Hex            ######....   100%        8    None
 Summon Horrible Things   Summ           ######....   100%        8    None
 Dragon's Call            Summ           ######....   100%        9    None
 Tornado                  Air            ######....   100%        9    None
 Sublimation of Blood     Necr           Unusable     N/A         2    N/A
 Statue Form              Tmut/Erth      Unusable     N/A         6    N/A

Dungeon Overview and Level Annotations

Branches:
Dungeon (15/15)            Temple (1/1) D:7            Lair (6/6) D:9
  Swamp (4/4) Lair:3        Snake (4/4) Lair:3        Slime (5/5) Lair:6
    Orc (2/2) D:12            Elf (3/3) Orc:2        Vaults (5/5) D:13
  Crypt (3/3) Vaults:3       Tomb (0/3) Crypt:3      Depths (5/5) D:15
    Zot (5/5) Depths:5

Altars:
Dithmenos
Fedhas
Gozag
Hepliaklqana
Kikubaaqudgha
Makhleb
Nemelex Xobeh
Okawaru
Qazlal
Ru
Sif Muna
Trog
Uskayaw
Vehumet
Wu Jian
Yredelemnul
Zin
Beogh
Jiyva

Shops:
D:5 [   D:6 *   D:7 !   D:13 (   Orc:2 [=(*   Elf:1 (   Elf:3 (   Snake:4 !
Vaults:5 %

Portals:
Hell: Depths:1 Depths:2 Depths:3 Depths:4 Depths:5
Abyss: Depths:3 Depths:4
Pandemonium: Depths:1 Depths:3
Ziggurat: D:15
Trove: Vaults:4 (give 8 scrolls of blinking)

Annotations:
D:13 exclusion: downstairs
Swamp:4 3 runed translucent doors, SpeedVeins's ghost, adept DDFi; Zero's ghost, adept GrBe; motoroller71's ghost, adept GnGl
Elf:2 5 runed translucent doors


Innate Abilities, Weirdness & Mutations

You are resistant to torment.
Your stone body is resilient. (AC +20)
You are immune to poison.
Your large and strong wings let you fly indefinitely.
You resist negative energy. (rN+)
You are resistant to electric shocks. (rElec)
You can survive without breathing.
You are immune to petrification.
You are immune to rotting.
You have a pair of small horns on your head.
You have a somewhat thin skeletal structure. (Dex +2, Stealth)
Armour fits poorly on your strangely shaped body.
You have a considerably increased reservoir of magic. (+20% MP)
You are resistant to hostile enchantments. (MR+)
You are somewhat resistant to further mutation.
You do not regenerate when monsters are visible.
Your muscles are very strong. (Str +4)


Message History

A daeva comes into view.
It is wielding a +5 scimitar of holy wrath and wearing a +0 large shield of reflection.
The daeva calls down the wrath of Zin upon you.
Zin smites you!
* * * LOW HITPOINT WARNING * * *
The daeva hits you but does no damage. You block the daeva's attack.
The daeva calls down the wrath of Zin upon you.
Zin smites you!
* * * LOW HITPOINT WARNING * * *
The daeva calls down the wrath of the Shining One upon you.
The Shining One smites you!
* * * LOW HITPOINT WARNING * * *
The daeva calls down the wrath of Zin upon you.
Zin smites you!
* * * LOW HITPOINT WARNING * * *
The daeva hits you with a +3 long sword of holy wrath.
* * * LOW HITPOINT WARNING * * *
The daeva completely misses you.
The daeva calls down the wrath of Zin upon you.
Zin smites you!
You die...

####A#.##
##.....#.
#........
#!.....# .
#......##
...#........
#..
#!._..A###....
#)..@A...A#
#.).A..####
#:)....#
#†#........#
.. ##....#....
.. ###.#.####
# ..... ......


You could see 5 daevas.

Vanquished Creatures
  the Royal Jelly (Slime:5)
  Gloorx Vloq (Pan)
  18 orbs of fire
  Mara (Depths:2)
  16 ancient liches
  24 greater mummies (Zig:27)
  23 Killer Klowns
  11 shard shrikes
  Xtahua (Vaults:4)
  Saint Roka (Elf:2)
  2 curse toes
  3 caustic shrikes (Depths:3)
  A caustic shrike (shapeshifter) (Zig:10)
  The ghost of JellyEater the Earth Mage, a veteran GrEE of Vehumet (Depths:2)
  28 golden dragons
  12 profane servitors
  11 bone dragons
  80 starcursed masses
  A pearl dragon (Zig:7)
  11 Tzitzimimeh
  10 electric golems
  33 pandemonium lords
  2 hellephants
  12 Brimstone Fiends
  4 iron giants (Zig:11)
  Jorgrun (Swamp:1)
  6 doom hounds
  21 Ice Fiends
  23 tentacled monstrosities
  11 Hell Sentinels
  18 titans
  11 quicksilver dragons
  A quicksilver dragon (shapeshifter) (Zig:10)
  16 liches
  21 deep elf master archers
  25 Orb Guardians (Zot:5)
  18 Executioners
  Asterion (Vaults:1)
  51 acid blobs
  8 deep elf blademasters
  10 death cobs
  11 sphinxes
  25 tentacled starspawn
  16 ancient champions
  35 shadow dragons
  3 thorn hunters (Zig:16)
  33 nagarajas
  10 draconian monks
  Roxanne (D:14)
  19 revenants
  20 azure jellies
  29 storm dragons
  3 azure jellies (shapeshifter)
  6 daevas
  6 tengu reavers
  4 iron dragons
  23 vault wardens
  29 fire giants
  5 orc warlords
  4 ghost moths
  39 balrugs
  27 draconian knights
  4 caustic shrike zombies (Zig:26)
  8 corrupters
  6 deep elf sorcerers
  13 draconian shifters
  28 frost giants
  Aizul (Elf:2)
  3 juggernaut zombies
  8 draconian scorchers
  9 warmongers
  9 curse skulls
  12 cacodemons
  An emperor scorpion (D:15)
  6 ghouls
  An angel (Pan)
  9 draconian stormcallers
  6 deep elf elementalists
  16 ironheart preservers
  A spectral caustic shrike (Zig:18)
  An entropy weaver (shapeshifter) (Zig:25)
  8 war gargoyles
  5 entropy weavers
  50 very ugly things
  15 draconian annihilators
  A spriggan defender (Depths:3)
  31 reapers
  2 stone giants (shapeshifter) (Zig:25)
  4 apis
  50 stone giants
  13 vampire knights
  6 bennus (Zig:27)
  2 caustic shrike skeletons
  An ophan (Zig:7)
  10 black suns
  15 blood saints
  3 juggernaut skeletons
  15 green draconians
  17 black draconians
  13 deep elf demonologists
  12 purple draconians
  16 yellow draconians
  16 red draconians
  5 lorocyprocas (Pan)
  A spectral titan (Zig:18)
  2 dire elephants (shapeshifter) (Zig:10)
  15 white draconians
  12 spark wasps
  21 deep elf annihilators
  A minotaur (Gauntlet)
  18 eidola
  8 dire elephants
  7 mummy priests
  18 ettins
  19 deep elf death magi
  12 death oozes
  10 merfolk javelineers (Zig:27)
  10 green deaths
  20 fire dragons
  3 crystal guardians (Vaults:4)
  36 blizzard demons
  3 quicksilver dragon zombies
  16 deep elf high priests
  21 great orbs of eyes
  A spectral golden dragon (Zig:18)
  6 hell beasts
  39 vault guards
  Harold (Lair:2)
  13 rakshasas
  30 naga warriors
  2 monstrous demonspawn (Pan)
  31 yaktaur captains
  39 hydras
  15 jiangshi
  4 ghost crabs
  A spectral tengu (Zig:18)
  3 juggernaut simulacra
  18 ice dragons
  A quicksilver dragon skeleton (Zig:17)
  7 spriggan air magi
  5 catoblepae (Zig:12)
  17 shambling mangroves
  An anaconda (shapeshifter) (Depths:5)
  13 death knights
  21 centaur warriors
  A satyr (shapeshifter) (Zig:22)
  27 ogre magi
  37 two-headed ogres
  An alligator snapping turtle (shapeshifter) (Zig:25)
  24 anacondas
  The ghost of motoroller71 the Cleaver, a journeyman GrFi of Makhleb (D:7)
  7 tengu warriors
  6 deep troll shamans
  8 vampire magi
  A queen ant (shapeshifter) (Depths:3)
  A death yak (Zig:12)
  A two-headed ogre (shapeshifter) (Zig:22)
  24 dancing weapons
  2 hell hogs (Zig:26)
  6 satyrs (Zig:27)
  6 deep troll earth magi
  6 spriggan berserkers
  4 death scarabs (Zig:27)
  23 thrashing horrors
  24 alligators
  Urug (Lair:4)
  6 storm dragon zombies
  A spectral elf (Zig:24)
  12 titan zombies
  42 naga sharpshooters
  22 shock serpents
  35 sun demons
  3 orc high priests
  28 soul eaters
  18 wretched stars
  The ghost of Peloso the Carver, a novice MiFi of Okawaru (D:8)
  Nergalle (Lair:2)
  23 deep elf knights
  4 titan skeletons
  27 shadow wraiths
  3 iron trolls (Depths:4)
  6 fire crabs (Zig:24)
  2 iron trolls (shapeshifter)
  26 sixfirhies
  A sea snake (shapeshifter) (Zig:25)
  A death drake (shapeshifter) (Depths:1)
  2 fire crabs (shapeshifter)
  9 salamander mystics
  48 skeletal warriors
  10 torturous demonspawn
  A spark wasp zombie (Zig:13)
  5 unseen horrors
  8 spatial maelstroms
  2 unseen horrors (shapeshifter)
  A glowing orange brain (shapeshifter) (Zig:22)
  12 hell knights
  2 storm dragon skeletons
  An anaconda zombie (Crypt:3)
  7 shadow demons
  5 death drakes
  20 swamp dragons
  12 deep trolls
  A deep troll (shapeshifter) (Zig:25)
  A ghost moth zombie (Crypt:1)
  7 spriggan druids
  2 swamp dragons (shapeshifter)
  4 cherubim
  8 gelid demonspawn
  23 ironbrand convokers
  16 glowing orange brains
  7 infernal demonspawn (Pan)
  11 naga ritualists
  A wolf spider zombie (D:14)
  23 flayed ghosts
  A spectral iron dragon (Zig:18)
  2 harpies (shapeshifter)
  12 necromancers
  14 wizards
  An obsidian statue (Zot:5)
  34 deep elf archers
  17 orc knights
  A lindwurm (shapeshifter) (Depths:1)
  2 anaconda skeletons
  An orb spider (Zig:17)
  2 shadow dragon zombies
  20 phantasmal warriors
  3 frost giant zombies
  3 golden dragon skeletons
  3 sphinx skeletons
  10 mana vipers
  5 sphinx zombies
  A shadow dragon skeleton (Zig:27)
  2 shining eyes (shapeshifter)
  12 shining eyes
  9 oklob plants
  3 wolf spiders (shapeshifter)
  6 wolf spiders
  2 manticores
  A fire giant zombie (Zig:13)
  A manticore (shapeshifter) (Zig:10)
  14 fauns (Zig:27)
  A tengu skeleton (Zig:17)
  2 salamanders (shapeshifter)
  8 elephants
  61 deep elf magi
  76 ugly things
  3 worldbinders
  2 stone giant zombies (Abyss:3)
  13 rust devils
  22 moths of wrath
  A toenail golem (Pan)
  18 cyclopes
  4 iron dragon skeletons
  2 fauns (shapeshifter)
  18 salamanders
  4 iron dragon zombies
  12 orc sorcerers
  10 vault sentinels
  14 guardian serpents
  3 spriggan zombies
  A fire giant skeleton (Crypt:1)
  4 centaur zombies
  9 apocalypse crabs
  5 ice statues
  75 black mambas
  A guardian serpent (shapeshifter) (Zig:25)
  31 naga magi
  4 torpor snails
  2 eyes of devastation (shapeshifter)
  2 gargoyles
  2 torpor snails (shapeshifter)
  41 smoke demons
  Psyche (D:8)
  9 eyes of devastation
  A molten gargoyle (Depths:1)
  A black mamba (shapeshifter) (Depths:2)
  6 centaur skeletons
  17 orange demons
  10 demonic crawlers (Pan)
  35 spiny frogs
  86 large abominations
  3 kobold demonologists
  16 hellions
  73 yaktaurs
  An emperor scorpion zombie (Crypt:3)
  4 yaktaurs (shapeshifter)
  A white draconian zombie (Crypt:1)
  12 rime drakes
  8 komodo dragons
  4 spriggan skeletons
  29 efreet
  A yellow draconian zombie (Crypt:1)
  11 hellwings
  26 tormentors
  An anaconda simulacrum (Crypt:2)
  A komodo dragon (shapeshifter) (Elf:1)
  35 ice devils
  22 guardian mummies
  24 freezing wraiths
  31 red devils
  2 silent spectres
  13 elf skeletons
  A black draconian skeleton (Crypt:3)
  21 ancient zymes
  A polar bear (shapeshifter) (Zig:22)
  5 tengu conjurers
  11 trolls
  A death drake zombie (Crypt:2)
  A merfolk (shapeshifter) (Vaults:5)
  2 harpy skeletons (Crypt:2)
  10 tyrant leeches
  2 wind drakes (shapeshifter)
  A queen bee (shapeshifter) (Zig:13)
  A hydra skeleton (Pan)
  A sphinx simulacrum (Zig:18)
  7 polar bears
  7 blink frogs
  A tengu simulacrum (Zig:22)
  A stone giant simulacrum (Abyss:2)
  43 hornets
  4 raiju (shapeshifter)
  48 raiju
  20 dream sheep
  A slime creature (shapeshifter) (Depths:2)
  A snapping turtle (shapeshifter) (Zig:14)
  2 dream sheep (shapeshifter)
  127 slime creatures
  10 bog bodies
  14 flying skulls
  54 ynoxinuls
  13 air elementals
  3 redbacks (shapeshifter)
  13 shadows
  A centaur simulacrum (D:15)
  A fire dragon skeleton (Crypt:3)
  9 elf zombies
  11 hippogriffs
  23 wraiths
  An alligator skeleton (Crypt:1)
  9 redbacks
  A spriggan (shapeshifter) (Vaults:5)
  A tarantella (Vaults:4)
  23 spriggans
  14 ushabtiu
  An ettin skeleton (Abyss:3)
  16 neqoxecs
  7 water elementals
  59 yaks
  A fire bat (Zig:25)
  7 wyverns
  6 hungry ghosts
  4 basilisks
  15 fire elementals
  13 golden eyes
  2 steam dragons (Zig:9)
  17 vampire mosquitoes
  36 chaos spawn
  10 wargs
  5 spatial vortices (Abyss:3)
  61 nagas
  A naga (shapeshifter) (Zig:22)
  A glowing shapeshifter zombie (Crypt:1)
  A harpy simulacrum (Abyss:3)
  A soldier ant (shapeshifter) (D:14)
  12 insubstantial wisps
  20 swamp worms
  A swamp worm (shapeshifter) (Depths:5)
  6 acid dragons
  13 hell hounds
  21 water moccasins
  8 porcupines
  A water moccasin (shapeshifter) (Depths:2)
  A human skeleton (Zig:9)
  A floating eye (Depths:4)
  3 floating eyes (shapeshifter)
  4 sky beasts
  19 swamp drakes
  An infernal demonspawn skeleton (Crypt:3)
  7 phantoms
  4 black bears
  41 orc warriors
  A hornet zombie (D:14)
  14 ice beasts
  A spriggan simulacrum (Depths:3)
  2 swamp dragon zombies
  17 eyes of draining
  53 ogres
  An ettin simulacrum (Vaults:3)
  10 necrophages
  23 wolves
  2 eyes of draining (shapeshifter)
  A boggart (shapeshifter) (D:15)
  10 boggarts
  33 small abominations
  A dream sheep zombie (Crypt:3)
  25 centaurs
  2 elf simulacra
  19 crocodiles
  24 bullfrogs
  A draconian zombie (Crypt:2)
  A hippogriff zombie (Crypt:2)
  A wyvern zombie (D:11)
  A draconian skeleton (Crypt:3)
  4 glowing shapeshifter simulacra
  12 earth elementals
  A water moccasin zombie (D:5)
  4 scorpions
  A wyvern skeleton (D:12)
  A yak zombie (Crypt:2)
  A yak skeleton (Crypt:3)
  A polar bear zombie (Crypt:1)
  6 killer bees
  A troll skeleton (Crypt:2)
  25 wights
  An electric eel (Elf:3)
  A howler monkey (D:5)
  5 crimson imps
  5 quasits
  2 bullfrog zombies
  A human zombie (Abyss:3)
  17 orc priests
  3 bullfrog skeletons
  2 jellies
  2 gnoll shamans (D:9)
  10 iron imps
  6 iguanas
  23 orc wizards
  A black bear skeleton (Crypt:3)
  10 worker ants
  A lightning spire (Zig:14)
  7 tengu zombies
  A demigod zombie (Crypt:2)
  A big kobold skeleton (Crypt:3)
  A hound skeleton (D:7)
  33 mummies
  A howler monkey zombie (D:6)
  A worker ant zombie (D:10)
  A howler monkey skeleton (D:6)
  13 gnolls
  15 adders
  14 shadow imps
  13 white imps
  8 ufetubi
  5 oozes
  An iguana skeleton (Crypt:3)
  An adder zombie (D:7)
  A worm (D:2)
  3 dart slugs
  11 leopard geckos
  92 orcs
  6 giant cockroaches
  3 hobgoblins
  6 jackals (D:2)
  5 quokkas
  A river rat zombie (Crypt:2)
  5 ball pythons
  A ball python skeleton (Crypt:1)
  3 bats
  4 frilled lizards
  A frilled lizard zombie (Crypt:1)
  A gnoll skeleton (Crypt:1)
  9 goblins
  A hobgoblin zombie (Crypt:2)
  6 kobolds
  A leopard gecko skeleton (D:4)
  2 quokka skeletons
  A quokka zombie (D:9)
  6 rats
  2 river rat skeletons (Crypt:1)
  44 blocks of ice
  12 briar patches (Zig:16)
  3 bushes (Zig:20)
  5 crawling corpses
  90 fire vortices
  A fungus (Lair:4)
  5 lost souls (Zig:24)
  2 lurking horrors (Abyss:3)
  10 plants
  27 starspawn tentacles
5534 creatures vanquished.

Vanquished Creatures (collateral kills)
  A Killer Klown (Zot:5)
  An Executioner (Pan)
  An acid blob (Zig:15)
  A blood saint (Zig:11)
  A green draconian (Zot:4)
  A black draconian (Zot:1)
  A skeletal warrior (Zig:19)
  A sea snake (shapeshifter) (Zig:25)
  2 ugly things
  A shining eye (Zig:16)
  An eye of devastation (Zig:16)
  A slime creature (Zig:20)
  A large abomination (Zig:22)
  An elf zombie (Zig:26)
  A hog (shapeshifter) (Zig:25)
  A wraith (Zig:26)
  An eye of draining (Zig:16)
  A mummy (Zig:27)
  A block of ice (Zot:5)
20 creatures vanquished.

Vanquished Creatures (others)
  Cerebov (Pan)
  A Killer Klown (Zig:25)
  A Tzitzimitl (Zig:18)
  A deep elf master archer (Zig:23)
  An eldritch tentacle (Zig:25)
  A shadow dragon (Zig:18)
  A blood saint (Pan)
  A black sun (Zig:12)
  A deep elf demonologist (Zig:23)
  2 spriggan air magi (Zig:19)
  A vampire mage (Zig:23)
  A deep elf knight (Elf:1)
  An ugly thing (Swamp:4)
  A salamander (Depths:4)
  An apocalypse crab (Zig:20)
  A raiju (Abyss:3)
  3 ynoxinuls (Pan)
  A swamp drake (Swamp:4)
  2 orc wizards
  A white imp (IceCv)
  8 ufetubi
  An orc (Orc:2)
  76 blocks of ice
  A bush (Zig:20)
  255 fire vortices
  4 fungi
  3 lost souls (Zig:24)
  A lurking horror (Abyss:3)
  14 plants
  18 starspawn tentacles
  6 withered plants
411 creatures vanquished.

Grand Total: 5965 creatures vanquished

Notes
Turn   | Place    | Note
-------+----------+-------------------------------------------
     0 | D:1      | JellyEater the Gargoyle Earth Elementalist began the quest
                  | for the Orb.
     0 | D:1      | Reached XP level 1. HP: 10/10 MP: 3/3
    81 | D:1      | Reached XP level 2. HP: 15/15 MP: 1/5
  1148 | D:2      | Reached XP level 3. HP: 19/19 MP: 2/7
  1163 | D:2      | Learned a level 3 spell: Stone Arrow
  1473 | D:2      | Reached skill level 1 in Conjurations
  1541 | D:2      | Reached XP level 4. HP: 19/24 MP: 8/8
  1900 | D:2      | Reached skill level 5 in Earth Magic
  1900 | D:2      | Reached XP level 5. HP: 27/28 MP: 3/9
  2000 | D:2      | Learned a level 5 spell: Lee's Rapid Deconstruction
  2800 | D:4      | Found a blossoming altar of Fedhas.
  3103 | D:4      | Reached XP level 6. HP: 24/32 MP: 11/11
  3300 | D:4      | Noticed a phantom
  3306 | D:4      | Killed a phantom
  3673 | D:5      | Entered Level 5 of the Dungeon
  3719 | D:5      | Reached XP level 7. HP: 36/36 MP: 13/13
  3845 | D:5      | Got a scorched long sword
  3846 | D:5      | Identified the +8 long sword of Amorality {speed, Fragile
                  | rC++ Str+2} (You found it on level 5 of the Dungeon)
  3914 | D:5      | Found an ornate altar of the Wu Jian Council.
  3976 | D:5      | Reached skill level 5 in Spellcasting
  3994 | D:5      | Reached XP level 8. HP: 26/41 MP: 10/15
  3998 | D:5      | Reached skill level 5 in Conjurations
  4059 | D:5      | Got a glittering bone amulet
  4061 | D:5      | Identified the amulet "Wateowir" {Gourm rN+ Int+4} (You
                  | found it on level 5 of the Dungeon)
  4156 | D:5      | Found Qemil's Armour Shop.
  4616 | D:6      | Found Buellette's Assorted Antiques.
  4633 | D:6      | Reached skill level 1 in Fighting
  4633 | D:6      | Reached skill level 1 in Armour
  4702 | D:6      | Reached skill level 1 in Long Blades
  4819 | D:6      | Found a burning altar of Makhleb.
  4981 | D:6      | Reached XP level 9. HP: 39/49 MP: 17/17
  5121 | D:6      | Found a bloodstained altar of Trog.
  5121 | D:6      | Found an opulent altar of Gozag.
  5247 | D:6      | Found a hazy altar of Hepliaklqana.
  5249 | D:6      | Found a sparkling altar of Nemelex Xobeh.
  5489 | D:7      | Found a shadowy altar of Dithmenos.
  5489 | D:7      | Found a basalt altar of Yredelemnul.
  5494 | D:7      | Found an iron altar of Okawaru.
  5496 | D:7      | Found a glowing silver altar of Zin.
  5497 | D:7      | Found an ancient bone altar of Kikubaaqudgha.
  5563 | D:7      | Found a staircase to the Ecumenical Temple.
  5579 | Temple   | Entered the Ecumenical Temple
  5587 | Temple   | Became a worshipper of Vehumet
  5693 | D:7      | Found Ejyh's Distillery.
  5702 | D:7      | Bought a potion of degeneration for 14 gold pieces
  5708 | D:7      | Bought a potion of curing for 42 gold pieces
  5708 | D:7      | Bought a potion of curing for 42 gold pieces
  5708 | D:7      | Bought a potion of curing for 42 gold pieces
  5708 | D:7      | Bought a potion of curing for 42 gold pieces
  5708 | D:7      | Bought a potion of curing for 42 gold pieces
  5708 | D:7      | Bought a potion of might for 56 gold pieces
  6016 | D:8      | Found a sacrificial altar of Ru.
  6066 | D:8      | Reached skill level 1 in Evocations
  6283 | D:8      | Reached * piety under Vehumet
  6283 | D:8      | Offered knowledge of Shock by Vehumet.
  6340 | D:8      | Found a runed translucent gate.
  6340 | D:8      | Found a runed translucent gate.
  6360 | D:8      | Found a runed translucent gate.
  6360 | D:8      | Noticed Peloso's ghost (novice MiFi)
  6360 | D:8      | Noticed motoroller71's ghost (journeyman GrFi)
  6447 | D:8      | Noticed Psyche
  6459 | D:8      | Killed Psyche
  6540 | D:8      | Noticed a hornet
  6543 | D:8      | Killed a hornet
  6543 | D:8      | Reached XP level 10. HP: 56/56 MP: 14/19
  7218 | D:7      | Killed motoroller71's ghost
  7418 | D:8      | Killed Peloso's ghost
  7685 | D:9      | Found a staircase to the Lair.
  7823 | D:9      | Reached XP level 11. HP: 62/62 MP: 20/24
  8263 | D:9      | Reached skill level 5 in Armour
  8267 | D:9      | Reached ** piety under Vehumet
  8267 | D:9      | Offered knowledge of Throw Flame by Vehumet.
  8269 | D:9      | Identified the +1 leather armour "Syhokk" {rCorr Str+3
                  | Int-2}
  8275 | D:9      | Reached skill level 5 in Fighting
  8609 | D:9      | Offered knowledge of Static Discharge by Vehumet.
  8851 | D:10     | Entered Level 10 of the Dungeon
  9059 | D:10     | Reached XP level 12. HP: 67/68 MP: 25/25
  9303 | D:10     | Reached *** piety under Vehumet
  9643 | D:10     | Found a burning altar of Makhleb.
 10134 | D:11     | Offered knowledge of Sticky Flame by Vehumet.
 10714 | D:12     | Reached skill level 5 in Dodging
 10771 | D:12     | Reached **** piety under Vehumet
 10772 | D:12     | Reached skill level 10 in Earth Magic
 10773 | D:12     | Offered knowledge of Inner Flame by Vehumet.
 11202 | D:12     | Found a staircase to the Orcish Mines.
 11923 | D:13     | Found Yseucoc's Antique Weapon Shoppe.
 11923 | D:13     | Noticed a two-headed ogre
 11931 | D:13     | Killed a two-headed ogre
 11964 | D:13     | Noticed a six-headed hydra
 12114 | D:13     | Killed a six-headed hydra
 12114 | D:13     | Reached skill level 10 in Spellcasting
 12141 | D:13     | Reached XP level 13. HP: 49/76 MP: 18/27
 12348 | D:13     | Got a pitted falchion
 12349 | D:13     | Identified the cursed +0 falchion "Yxaenif" {freeze, rF+
                  | MR- Dex+3} (You found it on level 13 of the Dungeon)
 12596 | D:13     | Found a gate to the Vaults.
 12833 | D:13     | You fall into a shaft and drop 2 floors!
 12833 | D:15     | Entered Level 15 of the Dungeon
 12949 | D:15     | Reached skill level 5 in Evocations
 13070 | D:14     | Found a gate leading to a gauntlet.
 13087 | Gauntlet | Entered a Gauntlet
 13087 | Gauntlet | Found a transporter.
 13087 | Gauntlet | Found a transporter.
 13087 | Gauntlet | Found a transporter.
 13630 | Gauntlet | Found a transporter.
 13633 | Gauntlet | Found a transporter.
 13642 | Gauntlet | Noticed a blizzard demon
 13643 | Gauntlet | Found a transporter.
 13643 | Gauntlet | Found a transporter.
 13709 | Gauntlet | Found a transporter.
 13724 | Gauntlet | Found a transporter.
 13734 | Gauntlet | Found a transporter.
 13750 | Gauntlet | Found a transporter.
 13759 | Gauntlet | Found a transporter.
 13936 | Gauntlet | Got a clouded golden ring
 13943 | Gauntlet | Identified the ring "War Lerus" {rPois rC+ Int+4 Slay+2
                  | SInv} (You found it in a Gauntlet)
 13954 | Gauntlet | Killed a blizzard demon
 13981 | Gauntlet | Identified the Disquisition on Moulding and the Birds
 14080 | Gauntlet | Noticed a minotaur
 14087 | Gauntlet | Killed a minotaur
 14321 | D:14     | Identified Roxanne's Compendium of Transmutation
 14321 | D:14     | Noticed Roxanne
 14898 | D:14     | Killed Roxanne
 15076 | D:14     | Reached ***** piety under Vehumet
 15278 | D:14     | Offered knowledge of Poison Arrow by Vehumet.
 15401 | D:14     | Learned a level 6 spell: Poison Arrow
 15575 | D:14     | Found a glowing silver altar of Zin.
 15684 | D:14     | Gained mutation: Your large and strong wings let you fly
                  | indefinitely. [Gargoyle growth]
 15684 | D:14     | Reached XP level 14. HP: 83/83 MP: 17/28
 16171 | Lair:1   | Entered Level 1 of the Lair of Beasts
 17753 | Lair:2   | Noticed Nergalle
 17760 | Lair:2   | Killed Nergalle
 18023 | Lair:2   | Noticed Harold
 18033 | Lair:2   | Killed Harold
 18394 | Lair:3   | Found a staircase to the Swamp.
 18520 | Lair:3   | Found a staircase to the Snake Pit.
 18760 | Lair:3   | Reached skill level 10 in Conjurations
 19642 | Lair:3   | Learned a level 5 spell: Fireball
 20048 | Lair:4   | Reached skill level 1 in Fire Magic
 20294 | Lair:4   | Noticed Urug
 20304 | Lair:4   | Killed Urug
 20586 | Lair:4   | Offered knowledge of Bolt of Magma by Vehumet.
 20615 | Lair:4   | Learned a level 5 spell: Bolt of Magma
 21496 | Lair:5   | Reached XP level 15. HP: 90/90 MP: 30/30
 21497 | Lair:5   | Reached skill level 5 in Fire Magic
 21497 | Lair:5   | Reached XP level 16. HP: 96/96 MP: 31/31
 21820 | Lair:6   | Entered Level 6 of the Lair of Beasts
 22223 | Lair:6   | Found a hide-covered altar of Uskayaw.
 22527 | Lair:6   | Offered knowledge of Irradiate by Vehumet.
 22587 | Lair:6   | Learned a level 5 spell: Irradiate
 23259 | Lair:6   | Reached skill level 10 in Long Blades
 23315 | Lair:6   | Found a viscous altar of Jiyva.
 23316 | Lair:6   | Found a staircase to the Slime Pits.
 23797 | Orc:1    | Entered Level 1 of the Orcish Mines
 23971 | Orc:2    | Entered Level 2 of the Orcish Mines
 24364 | Orc:2    | Paralysed by an orc sorcerer for 3 turns
 24590 | Orc:2    | Found Letweol's Jewellery Boutique.
 24629 | Orc:2    | Found Bemitham's Antique Armour Emporium.
 24633 | Orc:2    | Offered knowledge of Venom Bolt by Vehumet.
 24739 | Orc:2    | Found a staircase to the Elven Halls.
 24771 | Orc:2    | Found Vezxaqug's General Store.
 24790 | Orc:2    | Found a roughly hewn altar of Beogh.
 24834 | Orc:2    | Found Nustyewn's Antique Weapon Shop.
 25006 | Orc:2    | Bought a double sword for 525 gold pieces
 25855 | Elf:1    | Entered Level 1 of the Elven Halls
 25960 | Elf:1    | Reached skill level 10 in Fighting
 26921 | Elf:1    | Reached XP level 17. HP: 101/102 MP: 14/33
 27062 | Elf:1    | Identified the Almanac of Confrontation
 27317 | Elf:1    | Found Mifiomom's Weapon Shop.
 27851 | Elf:2    | Noticed Aizul
 27875 | Elf:2    | Killed Aizul
 28103 | D:15     | Offered knowledge of Ozocubu's Refrigeration by Vehumet.
 29065 | D:15     | Found a sacrificial altar of Ru.
 29225 | D:15     | Found a staircase to the Depths.
 29682 | Snake:1  | Entered Level 1 of the Snake Pit
 29724 | Snake:1  | Found a transporter.
 30236 | Snake:1  | Found a transporter.
 31160 | Snake:1  | Got a pitted steel amulet
 31169 | Snake:1  | Got a flickering crystal amulet
 31196 | Snake:1  | Identified the amulet "Capuc" {Reflect Fragile rElec Str+2
                  | SH+5} (You found it on level 1 of the Snake Pit)
 31198 | Snake:1  | Identified the amulet "Asmufal" {RegenMP rF++ rN+ Int-5}
                  | (You found it on level 1 of the Snake Pit)
 32771 | Snake:2  | Found a runed translucent gate.
 32771 | Snake:2  | Found a runed translucent gate.
 32771 | Snake:2  | Found a runed translucent gate.
 33002 | Snake:2  | Reached skill level 10 in Fire Magic
 33005 | Snake:2  | Reached ****** piety under Vehumet
 33005 | Snake:2  | Reached XP level 18. HP: 34/110 MP: 34/34
 33810 | Snake:3  | Offered knowledge of Spellforged Servitor by Vehumet.
 35385 | Swamp:1  | Entered Level 1 of the Swamp
 36099 | Swamp:1  | Noticed Jorgrun
 36118 | Swamp:1  | Killed Jorgrun
 36734 | Swamp:2  | Found a frozen archway.
 36745 | IceCv    | Entered an ice cave
 37404 | IceCv    | Got a twisted demon blade
 37405 | IceCv    | Identified the +8 demon blade of Bodily Harmony {flame, rF+
                  | Str+4 Int+6 Dex-3} (You found it in an ice cave)
 37605 | Swamp:2  | Offered knowledge of Bolt of Cold by Vehumet.
 37630 | Swamp:2  | Gained mutation: Potions are less effective at restoring
                  | your health. [mutagenic glow]
 38723 | Swamp:3  | Learned a level 6 spell: Iron Shot
 38736 | Swamp:3  | Reached XP level 19. HP: 103/116 MP: 27/36
 39474 | Swamp:4  | Entered Level 4 of the Swamp
 39488 | Swamp:4  | Offered knowledge of Fire Storm by Vehumet.
 39488 | Swamp:4  | Offered knowledge of Shatter by Vehumet.
 39488 | Swamp:4  | Offered knowledge of Ignition by Vehumet.
 40052 | Swamp:4  | Learned a level 8 spell: Ignition
 40316 | Swamp:4  | Got a decaying rune of Zot
 40614 | Swamp:4  | Found a runed translucent gate.
 40615 | Swamp:4  | Found a runed translucent gate.
 40616 | Swamp:4  | Found a runed translucent gate.
 40625 | Swamp:4  | Noticed SpeedVeins's ghost (adept DDFi)
 40625 | Swamp:4  | Noticed motoroller71's ghost (adept GnGl)
 40626 | Swamp:4  | Noticed Zero's ghost (adept GrBe)
 41044 | Snake:4  | Entered Level 4 of the Snake Pit
 41505 | Snake:4  | Found Jaabisat's Distillery.
 41569 | Snake:4  | Bought 2 potions of haste for 220 gold pieces
 41569 | Snake:4  | Bought a potion of ambrosia for 88 gold pieces
 41569 | Snake:4  | Bought a potion of invisibility for 88 gold pieces
 41569 | Snake:4  | Bought a potion of haste for 110 gold pieces
 41569 | Snake:4  | Bought a potion of haste for 110 gold pieces
 41569 | Snake:4  | Bought a potion of mutation for 88 gold pieces
 41573 | Snake:4  | Lost mutation: Potions are less effective at restoring your
                  | health. [potion of mutation]
 41573 | Snake:4  | Gained mutation: You are resistant to hostile enchantments.
                  | (MR+) [potion of mutation]
 41573 | Snake:4  | Gained mutation: You are agile. (Dex +2) [potion of
                  | mutation]
 41573 | Snake:4  | Gained mutation: Your body sometimes deteriorates upon
                  | taking damage. [potion of mutation]
 41573 | Snake:4  | Gained mutation: You are partially covered in large bone
                  | plates. (SH +4) [potion of mutation]
 43037 | Snake:4  | Reached skill level 15 in Fire Magic
 43480 | Snake:4  | Reached XP level 20. HP: 105/122 MP: 18/37
 44170 | Snake:4  | Got a serpentine rune of Zot
 44237 | Snake:4  | Found a deep blue altar of Sif Muna.
 44926 | Vaults:1 | Entered Level 1 of the Vaults
 45564 | Elf:2    | Noticed Saint Roka
 45575 | Elf:2    | Killed Saint Roka
 45575 | Elf:2    | Reached skill level 10 in Dodging
 45873 | Elf:2    | Found a huge runed translucent gate.
 45873 | Elf:2    | Found a huge runed translucent gate.
 45873 | Elf:2    | Found a huge runed translucent gate.
 45875 | Elf:2    | Found a huge runed translucent gate.
 45876 | Elf:2    | Found a huge runed translucent gate.
 46127 | Elf:3    | Entered Level 3 of the Elven Halls
 46346 | Elf:3    | Found Weorua's Antique Weapon Shop.
 46492 | Elf:3    | Identified 2 scrolls of acquirement
 47114 | Elf:3    | Identified the +3 trident of Contention {pierce, Dex+4}
 47114 | Elf:3    | Identified the ring of Dogg {Str+3 Int+3 Stlth+}
 47117 | Elf:3    | Reached skill level 15 in Earth Magic
 47667 | Elf:3    | Reached XP level 21. HP: 112/128 MP: 29/39
 47755 | Elf:3    | Identified the Compendium of Nocuous Arcane Weapons
 47769 | Elf:3    | Learned a level 6 spell: Bolt of Fire
 47788 | Elf:3    | Identified a +1 pair of boots of running (You found it on
                  | level 3 of the Elven Halls)
 47790 | Elf:3    | Got a vibrating golden amulet
 47791 | Elf:3    | Identified the amulet "Qahiuwn" {Acrobat -Tele Slay+4} (You
                  | found it on level 3 of the Elven Halls)
 47810 | Elf:3    | Identified the Guide on Excruciating Curses
 48336 | Vaults:1 | Noticed Asterion
 48345 | Vaults:1 | Killed Asterion
 48795 | Vaults:1 | Lost mutation: You are partially covered in large bone
                  | plates. (SH +4) [potion of mutation]
 48795 | Vaults:1 | Lost mutation: Your body sometimes deteriorates upon taking
                  | damage. [potion of mutation]
 48795 | Vaults:1 | Gained mutation: You occasionally shout uncontrollably at
                  | your foes. [potion of mutation]
 48795 | Vaults:1 | Gained mutation: You have an increased reservoir of magic.
                  | (+10% MP) [potion of mutation]
 50697 | Vaults:2 | Identified Sif Muna's Volume of Creative Transmutation
 51657 | Vaults:2 | Reached XP level 22. HP: 122/135 MP: 18/44
 52113 | Vaults:3 | Found a gateway to a bazaar.
 52260 | Bazaar   | Entered a bazaar
 52263 | Bazaar   | Found Puur's Assorted Antiques.
 52267 | Bazaar   | Found Zoomm's Weapon Boutique.
 52267 | Bazaar   | Found Ruahyc's Magic Scroll Boutique.
 52268 | Bazaar   | Found Kiniguh's Antique Armour Boutique.
 52281 | Bazaar   | Bought a scroll of summoning for 76 gold pieces
 52281 | Bazaar   | Bought a scroll of identify for 16 gold pieces
 52281 | Bazaar   | Bought a scroll of teleportation for 24 gold pieces
 52300 | Bazaar   | Bought a glowing helmet for 135 gold pieces
 52333 | Bazaar   | Bought a potion of might for 108 gold pieces
 52333 | Bazaar   | Bought a potion of curing for 81 gold pieces
 52333 | Bazaar   | Bought a glowing cloak for 202 gold pieces
 52404 | Vaults:3 | Found a staircase to the Crypt.
 52404 | Vaults:3 | Found a basalt altar of Yredelemnul.
 52405 | Vaults:3 | Found an ancient bone altar of Kikubaaqudgha.
 52552 | Vaults:3 | Reached skill level 15 in Spellcasting
 53893 | Vaults:4 | Found a portal to a secret trove of treasure.
 54314 | Vaults:4 | Noticed Xtahua
 54318 | Vaults:4 | Killed Xtahua
 54951 | Vaults:4 | Reached XP level 23. HP: 141/141 MP: 41/46
 55203 | Vaults:4 | Upgraded the game from 0.24-a0-439-g6dd8730de2 to
                  | 0.24-a0-441-g27f0392e16
 55214 | Vaults:4 | Learned a level 9 spell: Shatter
 55230 | Vaults:5 | Entered Level 5 of the Vaults
 55520 | Vaults:5 | Reached skill level 15 in Conjurations
 56348 | Vaults:5 | Reached XP level 24. HP: 138/148 MP: 3/47
 57057 | Vaults:5 | Learned a level 5 spell: Dispel Undead
 57258 | Vaults:5 | Identified Juchoap's Guide on Shape Shifting
 57265 | Vaults:5 | Got a silver rune of Zot
 57423 | Vaults:5 | Identified the Incunabulum of the Arsonist
 57434 | Vaults:5 | Found the ring of Robustness {AC+8}
 57481 | Vaults:5 | Identified the +4 robe "Dig Quqi" {+Inv rN+ Int+2 Dex-2}
                  | (You found it on level 5 of the Vaults)
 57904 | Vaults:5 | Found Riah's Food Shoppe.
 58181 | Crypt:1  | Entered Level 1 of the Crypt
 58193 | Crypt:1  | Reached skill level 1 in Necromancy
 58845 | Crypt:1  | Reached skill level 15 in Fighting
 60623 | Crypt:3  | Entered Level 3 of the Crypt
 60624 | Crypt:3  | Paralysed by a vampire knight for 5 turns
 60747 | Crypt:3  | Reached XP level 25. HP: 139/155 MP: 43/48
 60749 | Crypt:3  | Found a staircase to the Tomb.
 62018 | Crypt:3  | Found an ancient bone altar of Kikubaaqudgha.
 62021 | Crypt:3  | Found a basalt altar of Yredelemnul.
 62527 | Crypt:3  | Found a staircase to the Tomb.
 62724 | Crypt:3  | Found an ancient bone altar of Kikubaaqudgha.
 62728 | Crypt:3  | Found a basalt altar of Yredelemnul.
 63082 | Depths:1 | Entered Level 1 of the Depths
 63134 | Depths:1 | Found a one-way gate leading to the halls of Pandemonium.
 63253 | Depths:1 | Found a transporter.
 63254 | Depths:1 | Found a radiant altar of Vehumet.
 64592 | Depths:1 | Found a gateway to Hell.
 64705 | Depths:1 | Paralysed by a lich for 5 turns
 64864 | Depths:1 | Found a transporter.
 65332 | Depths:2 | Noticed Mara
 65337 | Depths:2 | Killed Mara
 65337 | Depths:2 | Reached XP level 26. HP: 141/163 MP: 32/49
 65446 | Depths:2 | Reached skill level 5 in Necromancy
 65587 | Depths:2 | Learned a level 9 spell: Fire Storm
 65674 | Depths:2 | Found a runed translucent gate.
 65675 | Depths:2 | Found a runed translucent gate.
 65676 | Depths:2 | Found a runed translucent gate.
 65676 | Depths:2 | Noticed JellyEater's ghost (veteran GrEE)
 65694 | Depths:2 | Killed JellyEater's ghost
 65707 | Depths:2 | Identified the cursed +0 pair of boots of the Duke {-Tele
                  | rPois rC+ Int+2} (You found it on level 2 of the Depths)
 65709 | Depths:2 | Identified the +0 pair of boots of the Dice {rElec rF++
                  | Slay+6} (You found it on level 2 of the Depths)
 66482 | Depths:2 | Paralysed by a sphinx for 7 turns
 66497 | Depths:2 | Found a burning altar of Makhleb.
 66664 | Depths:2 | Identified Rarokk's Volume of Poison and Flames
 66941 | Depths:3 | Reached skill level 15 in Long Blades
 67608 | Depths:3 | Identified the ring of Ufyqemod {MR+ Str+4}
 67622 | Depths:3 | Identified the +6 scale mail of the Albatross {rC+ Int+2}
 67625 | Depths:3 | Reached XP level 27. HP: 163/171 MP: 11/50
 67986 | Depths:3 | Found a one-way gate to the infinite horrors of the Abyss.
 68543 | Depths:4 | Got a fine robe
 68713 | Depths:3 | Identified the cursed +0 robe of the Moon {rElec rN+ Int+3}
                  | (You found it on level 4 of the Depths)
 69866 | Depths:5 | Entered Level 5 of the Depths
 69876 | Depths:5 | Found a gate to the Realm of Zot.
 70539 | Depths:5 | Found a gateway to a ziggurat.
 71233 | Slime:1  | Entered Level 1 of the Pits of Slime
 71742 | Slime:5  | Entered Level 5 of the Pits of Slime
 71877 | Slime:5  | Noticed the Royal Jelly
 71880 | Slime:5  | Killed the Royal Jelly
 72289 | Slime:5  | Got a brightly glowing steel ring
 72290 | Slime:5  | Identified the ring "Uqeheol" {+Inv Int+4 Stlth-} (You
                  | found it on level 5 of the Pits of Slime)
 72306 | Slime:5  | Found the ring of Shadows {Umbra +Inv Stlth+}
 72323 | Slime:5  | Learned a level 9 spell: Glaciate
 72339 | Slime:5  | Got a slimy rune of Zot
 72360 | Slime:5  | Found the ring of the Mage {Wiz MR++ Int+3}
 72388 | Slime:5  | Identified the ring of Faefe {Fire *Slow rPois rN+++ Str+5}
                  | (You found it on level 5 of the Pits of Slime)
 72392 | Slime:5  | Identified the +1 pair of gloves of Miank {rN+ Slay+4
                  | Stlth-} (You found it on level 5 of the Pits of Slime)
 72438 | Slime:5  | Identified the amulet "Ygekyr Ziggy" {Harm *Drain rC+} (You
                  | found it on level 5 of the Pits of Slime)
 72972 | Zot:1    | Entered Level 1 of the Realm of Zot
 72984 | Zot:1    | Reached skill level 1 in Ice Magic
 74275 | Zot:1    | HP: 5/179 [golden dragon (15)]
 75531 | Zot:2    | Reached skill level 5 in Ice Magic
 76180 | Zot:3    | Reached skill level 15 in Dodging
 76409 | Zot:3    | You are sucked into a shaft and drop 1 floor!
 78397 | Zot:5    | Entered Level 5 of the Realm of Zot
 79845 | Zig:1    | Entered Level 1 of a ziggurat
 79932 | Zig:2    | Entered Level 2 of a ziggurat
 80062 | Zig:3    | Entered Level 3 of a ziggurat
 80065 | Zig:3    | Found the +0 pair of fencer's gloves {Riposte Dex+3}
 80065 | Zig:3    | Noticed an orb of fire
 80065 | Zig:3    | Gained mutation: You are dopey. (Int -2) [an orb of fire]
 80068 | Zig:3    | Lost mutation: You occasionally shout uncontrollably at
                  | your foes. [an orb of fire]
 80068 | Zig:3    | Gained mutation: You are very dopey. (Int -4) [an orb of
                  | fire]
 80074 | Zig:3    | Gained mutation: You are weak. (Str -2) [an orb of fire]
 80075 | Zig:3    | Gained mutation: Your body sometimes deteriorates upon
                  | taking damage. [an orb of fire]
 80076 | Zig:3    | Gained mutation: You have a considerably increased
                  | reservoir of magic. (+20% MP) [an orb of fire]
 80084 | Zig:3    | Killed an orb of fire
 80203 | Zig:3    | Lost mutation: Your body sometimes deteriorates upon taking
                  | damage. [potion of mutation]
 80203 | Zig:3    | Lost mutation: You are agile. (Dex +2) [potion of mutation]
 80203 | Zig:3    | Lost mutation: You are weak. (Str -2) [potion of mutation]
 80203 | Zig:3    | Lost mutation: You have a considerably increased reservoir
                  | of magic. (+20% MP) [potion of mutation]
 80203 | Zig:3    | Gained mutation: You are weak. (Str -2) [potion of
                  | mutation]
 80203 | Zig:3    | Gained mutation: You are robust. (+10% HP) [potion of
                  | mutation]
 80204 | Zig:3    | Lost mutation: You are weak. (Str -2) [potion of mutation]
 80204 | Zig:3    | Lost mutation: You are robust. (+10% HP) [potion of
                  | mutation]
 80204 | Zig:3    | Lost mutation: You are resistant to hostile enchantments.
                  | (MR+) [potion of mutation]
 80204 | Zig:3    | Gained mutation: Your flesh is cold resistant. (rC+)
                  | [potion of mutation]
 80204 | Zig:3    | Gained mutation: You have a considerably increased
                  | reservoir of magic. (+20% MP) [potion of mutation]
 80204 | Zig:3    | Gained mutation: You are resistant to hostile enchantments.
                  | (MR+) [potion of mutation]
 80205 | Zig:3    | Lost mutation: You are resistant to hostile enchantments.
                  | (MR+) [potion of mutation]
 80205 | Zig:3    | Lost mutation: Your flesh is cold resistant. (rC+) [potion
                  | of mutation]
 80205 | Zig:3    | Lost mutation: You are very dopey. (Int -4) [potion of
                  | mutation]
 80205 | Zig:3    | Gained mutation: You are very dopey. (Int -4) [potion of
                  | mutation]
 80205 | Zig:3    | Gained mutation: You possess an exceptional clarity of
                  | mind. [potion of mutation]
 80205 | Zig:3    | Gained mutation: You are partially covered in slimy green
                  | scales. (AC +2) [potion of mutation]
 80205 | Zig:3    | Gained mutation: Your flesh is heat resistant. (rF+)
                  | [potion of mutation]
 80233 | Zig:4    | Entered Level 4 of a ziggurat
 80276 | Zig:4    | Got a faintly glowing silver ring
 80277 | Zig:4    | Identified the ring of Liberalism {Fire Int+3} (You found
                  | it on level 4 of a ziggurat)
 80285 | Zig:5    | Entered Level 5 of a ziggurat
 80418 | Zig:6    | Entered Level 6 of a ziggurat
 80423 | Zig:6    | Paralysed by an orc sorcerer for 6 turns
 80768 | Zig:7    | Entered Level 7 of a ziggurat
 80820 | Zig:7    | Identified the +2 pair of boots "Xur Nyf" {rPois MR+++
                  | Regen+ Int-4} (You found it on level 7 of a ziggurat)
 80829 | Zig:8    | Entered Level 8 of a ziggurat
 80985 | Zig:9    | Entered Level 9 of a ziggurat
 81038 | Zig:9    | Identified the Handbook of Flamy Necromancy
 81049 | Zig:10   | Entered Level 10 of a ziggurat
 81083 | Zig:10   | Lost mutation: You are partially covered in slimy green
                  | scales. (AC +2) [potion of mutation]
 81083 | Zig:10   | Lost mutation: You are very dopey. (Int -4) [potion of
                  | mutation]
 81083 | Zig:10   | Gained mutation: You have a greatly increased reservoir of
                  | magic. (+30% MP) [potion of mutation]
 81083 | Zig:10   | Gained mutation: Your natural rate of healing is unusually
                  | fast. [potion of mutation]
 81122 | Zig:10   | Identified the +8 large shield "Ojaju" {rPois Stlth+} (You
                  | found it on level 10 of a ziggurat)
 81124 | Zig:10   | Identified the Reference Book on Flying Arcane Weapons
 81129 | Zig:10   | Reached skill level 10 in Ice Magic
 81132 | Zig:10   | Got a wavering ruby amulet
 81133 | Zig:10   | Identified the amulet of Paath {+Rage rN+} (You found it on
                  | level 10 of a ziggurat)
 81138 | Zig:11   | Entered Level 11 of a ziggurat
 81150 | Zig:11   | Gained mutation: Your spells are a little easier to cast,
                  | but a little less powerful. [a cacodemon]
 81150 | Zig:11   | Noticed Ohuby the pandemonium lord
 81152 | Zig:11   | Killed Ohuby the pandemonium lord
 81461 | Zig:12   | Entered Level 12 of a ziggurat
 81473 | Zig:12   | Found the amulet of the Four Winds {rN+ MR+++ Clar}
 81476 | Zig:12   | Noticed Heddienn the pandemonium lord
 81481 | Zig:12   | Killed Heddienn the pandemonium lord
 81702 | Zig:13   | Entered Level 13 of a ziggurat
 81825 | Zig:14   | Entered Level 14 of a ziggurat
 81941 | Zig:15   | Entered Level 15 of a ziggurat
 82041 | Zig:15   | Found the +8 lance "Wyrmbane" {slay drac, rPois rF+ rC+
                  | AC+3}
 82070 | Zig:15   | Identified the ring "Hamul" {Fire Dex+3} (You found it on
                  | level 15 of a ziggurat)
 82083 | Zig:15   | Identified the Papyrus of Enchanting Companions
 82099 | Zig:16   | Entered Level 16 of a ziggurat
 82120 | Zig:16   | Found the +4 moon troll leather armour {Spirit, Regen++
                  | MP+5}
 82276 | Zig:16   | Identified Vointeaxt's Handbook of Confrontation
 82578 | Zig:17   | Entered Level 17 of a ziggurat
 82610 | Zig:17   | Found the +3 robe of Folly {Archmagi, MR-- Int+5}
 82632 | Zig:17   | Identified the +0 pair of gloves "Quda" {rElec MR+++ Str+3
                  | Dex-4} (You found it on level 17 of a ziggurat)
 82636 | Zig:17   | Got a scorched bone ring
 82637 | Zig:17   | Identified the ring "Zoshir" {*Drain +Fly rC+ SInv} (You
                  | found it on level 17 of a ziggurat)
 82650 | Zig:17   | Lost mutation: You possess an exceptional clarity of mind.
                  | [potion of mutation]
 82650 | Zig:17   | Lost mutation: Your spells are a little easier to cast, but
                  | a little less powerful. [potion of mutation]
 82650 | Zig:17   | Gained mutation: You evolve. [potion of mutation]
 82650 | Zig:17   | Gained mutation: You have a pair of small horns on your
                  | head. [potion of mutation]
 82650 | Zig:17   | Gained mutation: You have a somewhat thin skeletal
                  | structure. (Dex +2, Stealth) [potion of mutation]
 82658 | Zig:18   | Entered Level 18 of a ziggurat
 82740 | Zig:18   | Lost mutation: You are dopey. (Int -2) [evolution]
 82751 | Zig:18   | Identified the +4 robe "Repnucro" {MR+ Int+2 Dex+2} (You
                  | found it on level 18 of a ziggurat)
 82763 | Zig:19   | Entered Level 19 of a ziggurat
 82827 | Zig:19   | Identified the Disquisition on Displaced Weightlessness
 82841 | Zig:19   | Reached skill level 15 in Ice Magic
 82860 | Zig:20   | Entered Level 20 of a ziggurat
 82882 | Zig:20   | Gained mutation: You are weak. (Str -2) [a shining eye]
 82888 | Zig:20   | Found the cursed +13 scythe of Curses {drain, *Curse}
 82993 | Zig:21   | Entered Level 21 of a ziggurat
 83018 | Zig:21   | Found the +11 plutonium sword {*Contam Stlth-}
 83045 | Zig:21   | Found the +15 Maxwell's patent armour {-Cast -Tele rElec
                  | MR+ rCorr}
 83099 | Zig:21   | Identified the ring "Uckiceobb" {rPois rC+} (You found it
                  | on level 21 of a ziggurat)
 83106 | Zig:22   | Entered Level 22 of a ziggurat
 83143 | Zig:22   | Cast into level 2 of the Abyss (spatial maelstrom)
 83143 | Abyss:2  | Found a basalt altar of Yredelemnul.
 83180 | Abyss:2  | Found a basalt altar of Yredelemnul.
 83453 | Zig:22   | Escaped the Abyss
 83500 | Zig:22   | Identified the Reference Book on Cankerous Translocation
 83514 | Zig:22   | Identified the +0 buckler of Jewoos {rN+ MP+9} (You found
                  | it on level 22 of a ziggurat)
 83538 | Zig:22   | Reached skill level 5 in Shields
 83557 | Zig:23   | Entered Level 23 of a ziggurat
 83574 | Zig:23   | Noticed an ancient lich
 83574 | Zig:23   | Noticed an ancient lich
 83575 | Zig:23   | Noticed an ancient lich
 83578 | Zig:23   | Killed an ancient lich
 83579 | Zig:23   | Killed an ancient lich
 83579 | Zig:23   | Noticed an ancient lich
 83580 | Zig:23   | Killed an ancient lich
 83580 | Zig:23   | Killed an ancient lich
 83695 | Zig:23   | Found the +7 Kryia's mail coat {PotionHeal*2 rC+}
 83713 | Zig:23   | Identified the ring "Fuamebb" {rPois rF+ MR++ Str-4} (You
                  | found it on level 23 of a ziggurat)
 83727 | Zig:23   | Identified the ring "Oxkekk" {rPois rC+ Int+2 SInv Stlth+}
                  | (You found it on level 23 of a ziggurat)
 83731 | Zig:23   | Identified the ring "Cenwir" {Ice +Inv Str-5 SInv Stlth+}
                  | (You found it on level 23 of a ziggurat)
 83735 | Zig:24   | Entered Level 24 of a ziggurat
 83827 | Zig:24   | Identified the amulet of Ephemeral Luck {Faith Dex+6
                  | Stlth+} (You found it on level 24 of a ziggurat)
 83828 | Zig:24   | Identified the Compendium of Sinister Rites and
                  | Augmentations
 83831 | Zig:24   | Identified the ring "Iviowom" {Wiz +Inv} (You found it on
                  | level 24 of a ziggurat)
 83843 | Zig:25   | Entered Level 25 of a ziggurat
 83857 | Zig:25   | Noticed Ririx the pandemonium lord
 83858 | Zig:25   | Noticed Jejik the pandemonium lord
 83858 | Zig:25   | Noticed Ugetush the pandemonium lord
 83859 | Zig:25   | Noticed Awiloa the pandemonium lord
 83860 | Zig:25   | Killed Ririx the pandemonium lord
 83861 | Zig:25   | Noticed Betz the pandemonium lord
 83863 | Zig:25   | Noticed Jitwy the pandemonium lord
 83864 | Zig:25   | Killed Jejik the pandemonium lord
 83865 | Zig:25   | Killed Awiloa the pandemonium lord
 83865 | Zig:25   | Noticed Uhyraun the pandemonium lord
 83866 | Zig:25   | Killed Jitwy the pandemonium lord
 83866 | Zig:25   | Noticed Cuuluttos the pandemonium lord
 83867 | Zig:25   | Noticed Ipoxoc the pandemonium lord
 83869 | Zig:25   | Killed Uhyraun the pandemonium lord
 83870 | Zig:25   | Killed Ugetush the pandemonium lord
 83870 | Zig:25   | Killed Betz the pandemonium lord
 83870 | Zig:25   | Killed Cuuluttos the pandemonium lord
 83870 | Zig:25   | Noticed Qerovue the pandemonium lord
 83870 | Zig:25   | Noticed Tatz the pandemonium lord
 83871 | Zig:25   | Killed Ipoxoc the pandemonium lord
 83872 | Zig:25   | Noticed Xyorhuad the pandemonium lord
 83872 | Zig:25   | Noticed Geddesh the pandemonium lord
 83872 | Zig:25   | Noticed Emau the pandemonium lord
 83881 | Zig:25   | Killed Emau the pandemonium lord
 83882 | Zig:25   | Noticed Kajum the pandemonium lord
 83883 | Zig:25   | Killed Xyorhuad the pandemonium lord
 83883 | Zig:25   | Killed Geddesh the pandemonium lord
 83883 | Zig:25   | Reached skill level 27 in Spellcasting
 83885 | Zig:25   | Noticed Maz Jacw the pandemonium lord
 83912 | Zig:25   | Killed Tatz the pandemonium lord
 83914 | Zig:25   | Killed Maz Jacw the pandemonium lord
 83916 | Zig:25   | Killed Qerovue the pandemonium lord
 83926 | Zig:25   | Killed Kajum the pandemonium lord
 84036 | Zig:25   | Gained mutation: You are partially covered in large bone
                  | plates. (SH +4) [evolution]
 84095 | Zig:25   | Identified the Catalogue of Shifting Lightness
 84100 | Zig:25   | Got a crude iron ring
 84101 | Zig:25   | Identified the ring of Arrival {+Inv rPois Str+9 Int-3
                  | Stlth+} (You found it on level 25 of a ziggurat)
 84103 | Zig:25   | Identified Agapsyo's Almanac of the Volcanoes and the
                  | Voyage
 84116 | Zig:25   | Identified the ring "Zofewi" {Fire -Tele *Contam rN+++ MR+}
                  | (You found it on level 25 of a ziggurat)
 84121 | Zig:26   | Entered Level 26 of a ziggurat
 84182 | Zig:26   | Found the +7 great mace "Firestarter" {inner flame, rF++}
 84204 | Zig:26   | Identified the Volume of the Locust
 84225 | Zig:27   | Entered Level 27 of a ziggurat
 84243 | Zig:27   | Noticed a greater mummy
 84250 | Zig:27   | Noticed a greater mummy
 84252 | Zig:27   | Killed a greater mummy
 84252 | Zig:27   | Noticed a greater mummy
 84252 | Zig:27   | Noticed a greater mummy
 84255 | Zig:27   | Noticed a greater mummy
 84257 | Zig:27   | Killed a greater mummy
 84258 | Zig:27   | Killed a greater mummy
 84258 | Zig:27   | Killed a greater mummy
 84260 | Zig:27   | Noticed a greater mummy
 84262 | Zig:27   | Noticed a greater mummy
 84265 | Zig:27   | Killed a greater mummy
 84267 | Zig:27   | Noticed a greater mummy
 84267 | Zig:27   | Noticed a greater mummy
 84267 | Zig:27   | Noticed a greater mummy
 84268 | Zig:27   | Noticed a greater mummy
 84268 | Zig:27   | Noticed a greater mummy
 84268 | Zig:27   | Noticed a greater mummy
 84268 | Zig:27   | Noticed a greater mummy
 84268 | Zig:27   | Noticed a greater mummy
 84268 | Zig:27   | Noticed a greater mummy
 84269 | Zig:27   | Killed a greater mummy
 84270 | Zig:27   | Killed a greater mummy
 84270 | Zig:27   | Killed a greater mummy
 84270 | Zig:27   | Killed a greater mummy
 84270 | Zig:27   | Killed a greater mummy
 84270 | Zig:27   | Killed a greater mummy
 84271 | Zig:27   | Killed a greater mummy
 84271 | Zig:27   | Reached skill level 27 in Fighting
 84271 | Zig:27   | Killed a greater mummy
 84271 | Zig:27   | Killed a greater mummy
 84271 | Zig:27   | Killed a greater mummy
 84272 | Zig:27   | Noticed a greater mummy
 84272 | Zig:27   | Noticed a greater mummy
 84272 | Zig:27   | Killed a greater mummy
 84273 | Zig:27   | Noticed a greater mummy
 84273 | Zig:27   | Noticed a greater mummy
 84275 | Zig:27   | Noticed a greater mummy
 84276 | Zig:27   | Killed a greater mummy
 84277 | Zig:27   | Noticed a greater mummy
 84278 | Zig:27   | Killed a greater mummy
 84278 | Zig:27   | Killed a greater mummy
 84279 | Zig:27   | Noticed a greater mummy
 84280 | Zig:27   | Killed a greater mummy
 84281 | Zig:27   | Killed a greater mummy
 84281 | Zig:27   | Killed a greater mummy
 84283 | Zig:27   | Killed a greater mummy
 84286 | Zig:27   | Noticed a greater mummy
 84289 | Zig:27   | Killed a greater mummy
 84663 | Zig:27   | Identified the Almanac of Cloudy Protection
 84666 | Zig:27   | Identified the ring of Vaushruni {Int+7 Dex+3 SInv} (You
                  | found it on level 27 of a ziggurat)
 84685 | Zig:27   | Identified the amulet "Toefue" {*Contam +Rage +Fly Int+9
                  | Slay+3} (You found it on level 27 of a ziggurat)
 84695 | Zig:27   | Identified Veobink's Papyrus of Supportive Air
 84742 | Zig:27   | Learned a level 8 spell: Necromutation
 85084 | Zot:5    | Reached skill level 1 in Transmutations
 85100 | Zot:5    | Noticed an ancient lich
 85101 | Zot:5    | Paralysed by an ancient lich for 3 turns
 85105 | Zot:5    | Killed an ancient lich
 85621 | Zot:5    | Noticed an orb of fire
 85622 | Zot:5    | Noticed an orb of fire
 85625 | Zot:5    | Killed an orb of fire
 85628 | Zot:5    | Killed an orb of fire
 85628 | Zot:5    | Reached skill level 5 in Transmutations
 85628 | Zot:5    | Noticed an orb of fire
 85634 | Zot:5    | Killed an orb of fire
 86420 | Depths:4 | Voluntarily entered the Abyss.
 86609 | Abyss:1  | Gained mutation: Your spells are a little easier to cast,
                  | but a little less powerful. [a neqoxec]
 86631 | Abyss:1  | Reached skill level 10 in Necromancy
 86707 | Abyss:2  | Found a corrupted altar of Lugonu.
 87455 | Abyss:3  | Paralysed by you for 6 turns
 87866 | Abyss:3  | Gained mutation: Your body sometimes deteriorates upon
                  | taking damage. [a shining eye]
 87884 | Abyss:3  | Gained mutation: You are dopey. (Int -2) [a shining eye]
 87886 | Abyss:3  | Gained mutation: Scrolls take you a little longer to read.
                  | [a shining eye]
 87984 | Abyss:3  | Found a corrupted altar of Lugonu.
 87998 | Abyss:3  | Got an abyssal rune of Zot
 88077 | Depths:4 | Escaped the Abyss
 88169 | Zig:1    | Entered Level 1 of a ziggurat
 88342 | Zig:1    | Lost mutation: You are weak. (Str -2) [potion of mutation]
 88342 | Zig:1    | Lost mutation: You are dopey. (Int -2) [potion of mutation]
 88342 | Zig:1    | Lost mutation: Scrolls take you a little longer to read.
                  | [potion of mutation]
 88342 | Zig:1    | Gained mutation: Your muscles are strong. (Str +2) [potion
                  | of mutation]
 88343 | Zig:1    | Lost mutation: You have a pair of small horns on your head.
                  | [potion of mutation]
 88343 | Zig:1    | Lost mutation: Your body sometimes deteriorates upon taking
                  | damage. [potion of mutation]
 88343 | Zig:1    | Lost mutation: You are partially covered in large bone
                  | plates. (SH +4) [potion of mutation]
 88343 | Zig:1    | Lost mutation: Your spells are a little easier to cast, but
                  | a little less powerful. [potion of mutation]
 88343 | Zig:1    | Gained mutation: Your mind is acute. (Int +2) [potion of
                  | mutation]
 88343 | Zig:1    | Lost mutation: Your mind is acute. (Int +2) [potion of
                  | mutation]
 88343 | Zig:1    | Gained mutation: You have a pair of small horns on your
                  | head. [potion of mutation]
 88360 | Zig:2    | Entered Level 2 of a ziggurat
 88418 | Zig:3    | Entered Level 3 of a ziggurat
 88421 | Zig:3    | Noticed an ancient lich
 88424 | Zig:3    | Killed an ancient lich
 88461 | Zig:4    | Entered Level 4 of a ziggurat
 88616 | Zig:4    | Got a scorched brass ring
 88617 | Zig:4    | Identified the ring of Miracles {Ice -Tele Str+7 Dex+4}
                  | (You found it on level 4 of a ziggurat)
 88627 | Zig:5    | Entered Level 5 of a ziggurat
 88758 | Zig:5    | Gained mutation: You are agile. (Dex +2) [evolution]
 88771 | Zig:6    | Entered Level 6 of a ziggurat
 88776 | Zig:6    | Noticed an ancient lich
 88788 | Zig:6    | Killed an ancient lich
 88928 | Zig:6    | Identified the Almanac of the Snowflakes and Clay
 88932 | Zig:7    | Entered Level 7 of a ziggurat
 88939 | Zig:7    | Noticed Biunau the pandemonium lord
 88947 | Zig:7    | Killed Biunau the pandemonium lord
 89075 | Zig:7    | Identified the Handbook of Bewitching Orientation
 89092 | Zig:8    | Entered Level 8 of a ziggurat
 89157 | Zig:8    | Identified the Tome of the Frostbite
 89166 | Zig:8    | Identified the Collected Works on the Lucky Blaze
 89171 | Zig:9    | Entered Level 9 of a ziggurat
 89230 | Zig:10   | Entered Level 10 of a ziggurat
 89236 | Zig:10   | Noticed Holl the pandemonium lord
 89240 | Zig:10   | Killed Holl the pandemonium lord
 89241 | Zig:10   | Noticed Roetael the pandemonium lord
 89242 | Zig:10   | Found the +9 staff of Olgreb {rPois}
 89246 | Zig:10   | Killed Roetael the pandemonium lord
 89402 | Zig:11   | Entered Level 11 of a ziggurat
 89412 | Zig:11   | Reached skill level 15 in Necromancy
 89588 | Zig:11   | Identified Fickili's Tome of the Volcanoes
 89593 | Zig:11   | Identified the Handbook of Creative Glamour
 89597 | Zig:11   | Identified the Grimoire of Assistive Hexes
 89624 | Zig:12   | Entered Level 12 of a ziggurat
 89703 | Zig:13   | Entered Level 13 of a ziggurat
 89803 | Zig:13   | Got a heavily runed iron ring
 89804 | Zig:13   | Identified the ring of Ginoycw {rPois rC+ MP+9} (You found
                  | it on level 13 of a ziggurat)
 89817 | Zig:14   | Entered Level 14 of a ziggurat
 89899 | Zig:14   | Identified the Reference Book on the Blaze and Battle Magic
 89903 | Zig:15   | Entered Level 15 of a ziggurat
 89962 | Zig:15   | Got a slimy glass ring
 89963 | Zig:15   | Identified the ring "Rimedion" {rF+ Int+4 SInv} (You found
                  | it on level 15 of a ziggurat)
 90009 | Zig:15   | Identified Qenoxoill's Collected Works on Earth
 90017 | Zig:16   | Entered Level 16 of a ziggurat
 90110 | Zig:16   | Got a heavily runed tin ring
 90111 | Zig:16   | Identified the ring "Waicetib" {*Contam rC++ rN+ Int+3}
                  | (You found it on level 16 of a ziggurat)
 90117 | Zig:16   | Got a crude tin ring
 90118 | Zig:16   | Identified the ring "Ekebopno" {rN+ Str+2 Dex+3} (You found
                  | it on level 16 of a ziggurat)
 90132 | Zig:16   | Got a faintly glowing amber ring
 90133 | Zig:16   | Identified the ring "Kosig" {Wiz Str+2} (You found it on
                  | level 16 of a ziggurat)
 90142 | Zig:17   | Entered Level 17 of a ziggurat
 90187 | Zig:17   | Identified the Handbook of the Blaze and Confrontation
 90197 | Zig:18   | Entered Level 18 of a ziggurat
 90270 | Zig:18   | Found the +2 cloak of the Thief {+Fog Slay-2 SInv Stlth+}
 90272 | Zig:18   | Lost mutation: You evolve. [end of evolution]
 90286 | Zig:18   | Identified the Reference Book on Unstable Stolen Souls
 90309 | Zig:19   | Entered Level 19 of a ziggurat
 90392 | Zig:19   | Identified the amulet of Uskayaw's Supremacy {Acrobat rPois
                  | rN+ Str+2} (You found it on level 19 of a ziggurat)
 90423 | Zig:19   | Identified the Disquisition on Floating Transformation
 90430 | Zig:20   | Entered Level 20 of a ziggurat
 90438 | Zig:20   | Noticed Nietua the pandemonium lord
 90438 | Zig:20   | Noticed Mepidd the pandemonium lord
 90440 | Zig:20   | Noticed Doahop the pandemonium lord
 90443 | Zig:20   | Killed Mepidd the pandemonium lord
 90443 | Zig:20   | Noticed Wum Wung the pandemonium lord
 90444 | Zig:20   | Paralysed by Nietua for 5 turns
 90444 | Zig:20   | Noticed Qyddezi the pandemonium lord
 90445 | Zig:20   | Noticed Pyeklulo the pandemonium lord
 90445 | Zig:20   | Noticed Dappot the pandemonium lord
 90445 | Zig:20   | Noticed Weceojarch the pandemonium lord
 90446 | Zig:20   | Noticed Secibuics the pandemonium lord
 90446 | Zig:20   | Noticed Xasaxuzeo the pandemonium lord
 90446 | Zig:20   | Noticed Vujoos the pandemonium lord
 90448 | Zig:20   | Noticed Mudetin the pandemonium lord
 90458 | Zig:20   | Killed Qyddezi the pandemonium lord
 90458 | Zig:20   | Killed Vujoos the pandemonium lord
 90458 | Zig:20   | Killed Pyeklulo the pandemonium lord
 90459 | Zig:20   | Killed Doahop the pandemonium lord
 90461 | Zig:20   | Killed Nietua the pandemonium lord
 90462 | Zig:20   | Noticed Ybraigaz the pandemonium lord
 90464 | Zig:20   | Noticed Siros the pandemonium lord
 90464 | Zig:20   | Noticed Xaotus the pandemonium lord
 90464 | Zig:20   | Noticed Erecotub the pandemonium lord
 90465 | Zig:20   | Found the amulet of the Air {Inacc +Fly rElec EV+5 RMsl}
 90467 | Zig:21   | Entered Level 21 of a ziggurat
 90484 | Zig:21   | Gained mutation: Armour fits poorly on your strangely
                  | shaped body. [mutagenic glow]
 90486 | Zig:21   | Reached skill level 27 in Conjurations
 90683 | Zig:21   | Identified the Compendium of Curses and Cold
 90713 | Zig:21   | Got a brightly glowing ruby amulet
 90714 | Zig:21   | Identified the amulet of Cionomm {rPois Regen+ Str+3 Int+6}
                  | (You found it on level 21 of a ziggurat)
 90720 | Zig:22   | Entered Level 22 of a ziggurat
 90733 | Zig:22   | Noticed an ancient lich
 90733 | Zig:22   | Noticed an ancient lich
 90733 | Zig:22   | Noticed an ancient lich
 90734 | Zig:22   | Noticed an ancient lich
 90736 | Zig:22   | Killed an ancient lich
 90736 | Zig:22   | Noticed an ancient lich
 90737 | Zig:22   | Killed an ancient lich
 90737 | Zig:22   | Killed an ancient lich
 90737 | Zig:22   | Killed an ancient lich
 90737 | Zig:22   | Noticed an ancient lich
 90739 | Zig:22   | Killed an ancient lich
 90739 | Zig:22   | Killed an ancient lich
 90739 | Zig:22   | Noticed an ancient lich
 90741 | Zig:22   | Killed an ancient lich
 90741 | Zig:22   | Noticed an ancient lich
 90744 | Zig:22   | Killed an ancient lich
 90980 | Zig:22   | Identified the Catalogue of Creation and Lightness
 90987 | Zig:23   | Entered Level 23 of a ziggurat
 91065 | Zig:23   | Found the +8 storm bow {elec, penet}
 91066 | Zig:23   | Identified Sif Muna's Volume of Frigorific Air
 91097 | Zig:24   | Entered Level 24 of a ziggurat
 91103 | Zig:24   | Noticed an orb of fire
 91108 | Zig:24   | Noticed an orb of fire
 91109 | Zig:24   | Killed an orb of fire
 91109 | Zig:24   | Noticed an orb of fire
 91111 | Zig:24   | Gained mutation: Your body sometimes deteriorates upon
                  | taking damage. [an orb of fire]
 91112 | Zig:24   | Noticed an orb of fire
 91112 | Zig:24   | Noticed an orb of fire
 91114 | Zig:24   | Killed an orb of fire
 91114 | Zig:24   | Noticed an orb of fire
 91114 | Zig:24   | Noticed an orb of fire
 91114 | Zig:24   | Gained mutation: You have a pair of horns on your head. [an
                  | orb of fire]
 91115 | Zig:24   | Killed an orb of fire
 91115 | Zig:24   | Noticed an orb of fire
 91115 | Zig:24   | Noticed an orb of fire
 91116 | Zig:24   | Gained mutation: You heal very quickly. [an orb of fire]
 91117 | Zig:24   | Killed an orb of fire
 91117 | Zig:24   | Killed an orb of fire
 91118 | Zig:24   | Noticed an orb of fire
 91118 | Zig:24   | Killed an orb of fire
 91118 | Zig:24   | Noticed an orb of fire
 91119 | Zig:24   | Noticed an orb of fire
 91119 | Zig:24   | Noticed an orb of fire
 91120 | Zig:24   | Killed an orb of fire
 91120 | Zig:24   | Lost mutation: You heal very quickly. [an orb of fire]
 91123 | Zig:24   | Killed an orb of fire
 91123 | Zig:24   | Killed an orb of fire
 91123 | Zig:24   | Noticed an orb of fire
 91124 | Zig:24   | Killed an orb of fire
 91124 | Zig:24   | Killed an orb of fire
 91124 | Zig:24   | Killed an orb of fire
 91125 | Zig:24   | Killed an orb of fire
 91132 | Zig:24   | Killed an orb of fire
 91270 | Zig:24   | Identified the Catalogue of Stones and Heat
 91310 | Zig:25   | Entered Level 25 of a ziggurat
 91322 | Zig:25   | Noticed an ancient lich
 91324 | Zig:25   | Gained mutation: Your body often deteriorates upon taking
                  | damage. [a neqoxec]
 91331 | Zig:25   | Killed an ancient lich
 91386 | Zig:25   | Identified the Guide on the Escort
 91406 | Zig:25   | Identified the Tome of Ghastly Transmutation
 91437 | Zig:26   | Entered Level 26 of a ziggurat
 91580 | Zig:26   | Identified the amulet "Biuproze" {Spirit rF+} (You found it
                  | on level 26 of a ziggurat)
 91628 | Zig:27   | Entered Level 27 of a ziggurat
 91667 | Zig:27   | Found the +7 Singing Sword {slice, sonic wave}
 91691 | Zig:27   | Identified Sif Muna's Tome of Intoxication and Clay
 91697 | Zig:27   | Identified the ring of Liberalism {rC+ Dex+5} (You found it
                  | on level 27 of a ziggurat)
 91707 | Zig:27   | Identified the ring "Noinosov" {+Fly rElec rF- MR+++
                  | Stlth-} (You found it on level 27 of a ziggurat)
 91768 | Pan      | Entered Pandemonium
 92065 | Pan      | Lost mutation: Your natural rate of healing is unusually
                  | fast. [a neqoxec]
 92122 | Pan      | Noticed Akkauhirph the pandemonium lord
 92126 | Pan      | Killed Akkauhirph the pandemonium lord
 92182 | Pan      | Reached skill level 27 in Dodging
 92492 | Pan      | Lost mutation: Your body often deteriorates upon taking
                  | damage. [a cacodemon]
 92494 | Pan      | Gained mutation: Scrolls take you a little longer to read.
                  | [a cacodemon]
 92501 | Pan      | Lost mutation: You have a greatly increased reservoir of
                  | magic. (+30% MP) [a cacodemon]
 92933 | Pan      | Noticed Peowk the pandemonium lord
 92941 | Pan      | Killed Peowk the pandemonium lord
 93517 | Pan      | Entered the realm of Gloorx Vloq.
 93564 | Pan      | Noticed Gloorx Vloq
 93569 | Pan      | Killed Gloorx Vloq
 93660 | Pan      | Got a dark rune of Zot
 93802 | Pan      | Lost mutation: Your flesh is heat resistant. (rF+) [potion
                  | of mutation]
 93802 | Pan      | Lost mutation: Scrolls take you a little longer to read.
                  | [potion of mutation]
 93802 | Pan      | Lost mutation: You have a somewhat thin skeletal structure.
                  | (Dex +2, Stealth) [potion of mutation]
 93802 | Pan      | Lost mutation: You have a pair of horns on your head.
                  | [potion of mutation]
 93802 | Pan      | Gained mutation: Your flesh is cold resistant. (rC+)
                  | [potion of mutation]
 94379 | Pan      | Noticed Ammoiw the pandemonium lord
 94383 | Pan      | Killed Ammoiw the pandemonium lord
 94397 | Pan      | Gained mutation: Scrolls take you a little longer to read.
                  | [a cacodemon]
 94398 | Pan      | Gained mutation: Your spells are a little harder to cast,
                  | but a little more powerful. [a cacodemon]
 94777 | Pan      | Learned a level 8 spell: Controlled Blink
 95010 | Pan      | Noticed Dayf the pandemonium lord
 95012 | Pan      | Reached skill level 1 in Translocations
 95014 | Pan      | Killed Dayf the pandemonium lord
 95295 | Pan      | Found an exit through the horrors of the Abyss.
 95416 | Pan      | Gained mutation: You are very agile. (Dex +4) [a neqoxec]
 95419 | Pan      | Gained mutation: You do not regenerate when monsters are
                  | visible. [a neqoxec]
 95423 | Pan      | Gained mutation: Your body often deteriorates upon taking
                  | damage. [a neqoxec]
 96007 | Pan      | Noticed Velit the pandemonium lord
 96011 | Pan      | Killed Velit the pandemonium lord
 96626 | Pan      | Reached skill level 5 in Translocations
 96781 | Pan      | Identified the ring of the Fool {rF+ rC+ rN+ Stlth-}
 96782 | Pan      | Found a transporter.
 96784 | Pan      | Found a transporter.
 96848 | Pan      | Identified the +3 pair of boots "Tept" {MR+ Str+3} (You
                  | found it in Pandemonium)
 97169 | Pan      | Entered the realm of Cerebov.
 97370 | Pan      | Lost mutation: Your flesh is cold resistant. (rC+) [potion
                  | of mutation]
 97370 | Pan      | Lost mutation: Your body often deteriorates upon taking
                  | damage. [potion of mutation]
 97370 | Pan      | Gained mutation: You have sharp toenails. [potion of
                  | mutation]
 97371 | Pan      | Lost mutation: Scrolls take you a little longer to read.
                  | [potion of mutation]
 97371 | Pan      | Lost mutation: Your body sometimes deteriorates upon taking
                  | damage. [potion of mutation]
 97371 | Pan      | Lost mutation: You are very agile. (Dex +4) [potion of
                  | mutation]
 97371 | Pan      | Lost mutation: Your spells are a little harder to cast, but
                  | a little more powerful. [potion of mutation]
 97371 | Pan      | Gained mutation: Your spells are a little easier to cast,
                  | but a little less powerful. [potion of mutation]
 97371 | Pan      | Gained mutation: You have a somewhat thin skeletal
                  | structure. (Dex +2, Stealth) [potion of mutation]
 97372 | Pan      | Lost mutation: You are agile. (Dex +2) [potion of mutation]
 97372 | Pan      | Lost mutation: You have sharp toenails. [potion of
                  | mutation]
 97372 | Pan      | Lost mutation: Your spells are a little easier to cast, but
                  | a little less powerful. [potion of mutation]
 97372 | Pan      | Gained mutation: You are somewhat resistant to further
                  | mutation. [potion of mutation]
 97372 | Pan      | Gained mutation: Your muscles are very strong. (Str +4)
                  | [potion of mutation]
 97372 | Pan      | Gained mutation: You are resistant to hostile enchantments.
                  | (MR+) [potion of mutation]
 97649 | Pan      | Identified the +3 battleaxe of Causality {chop, *Contam
                  | +Fly MR+ SInv}
 97651 | Pan      | Identified the cursed +1 great sword "Lookuz" {freeze,
                  | rElec rC+ MR+++ Int-5}
 97651 | Pan      | Identified the ring of Gluttony {rC+ rCorr}
 97939 | Pan      | Identified the +6 sword of Cerebov {flame}
 97939 | Pan      | Noticed Cerebov
 97940 | Pan      | Identified the +1 shortbow of Busis {velocity, Str+2 Int+2
                  | SInv}
 97952 | Pan      | Killed Cerebov
 98220 | Pan      | Got a fiery rune of Zot
 98498 | Pan      | Found an exit through the horrors of the Abyss.
 98505 | Pan      | Identified the +4 ring mail "Xuwkunn" {rC+ Int+3}
 98722 | Pan      | Noticed Mishripyo the pandemonium lord
 98731 | Pan      | Killed Mishripyo the pandemonium lord
 98877 | Pan      | Found a glowing silver altar of Zin.
 98903 | Pan      | HP: 2/199 [daeva/divine providence (10)]
 98903 | Pan      | Killed from afar by a daeva

Levels and vault maps discovered:
D:1:      erik_arrival_gehennom, layout_loops_ring
D:2:      layout_basic
D:3:      kennysheep_six_static_rooms, layout_rooms, minmay_misc_feat_tower,
          minivault_23, corexii_corridor_pit, minmay_misc_feat_encased
D:4:      layout_cave_pods, kennysheep_mini
D:5:      layout_loops_ring, nicolae_overflow_crystal_walls, serial_shops, shop,
          first_ration
D:6:      layout_cave_pools, nicolae_overflow_hidden_temple,
          gammafunk_temple_overflow_pools, serial_shops, shop_fountains
D:7:      layout_cave_pools, chequers_temple_overflow_minitemple, temple_green,
          serial_shops, nicolae_shop_stone, dk_noncrumbling_2, the_bakery
D:8:      layout_loops_cross, old_standard_altar, gammafunk_ghost_cemetery,
          minmay_fountain_box, uniq_psyche
D:9:      wad_crossroads, layout_loops_ring, david_lair_generic
D:10:     layout_irregular_city, basic_altar, kennysheep_generic_room_11
D:11:     kennysheep_ambush_hall, layout_basic
D:12:     layout_cave_pools, orc_0_dummy
D:13:     layout_loops_ring, david_vaults_1, serial_shops, nicolae_shop_trees
D:14:     layout_basic, basic_altar, gauntlet_entry_generic, minmay_door_square,
          hangedman_glass_teeth, uniq_roxanne
D:15:     hangedman_depths_entry_try_elsewhere_first, layout_basic,
          nicolae_ru_sacrificial_ziggurat
Temple:   dpeg_three_leaves_temple
Lair:1:   layout_regular_city, grunt_megastairs_4, minmay_lair_oklob_chamber
Lair:2:   layout_hall_layers, uniq_harold, uniq_nergalle
Lair:3:   layout_big_grid, skrybe_swamp_entry_bodies,
          guppyfry_snake_entry_garden, nzn_random_ring,
          infiniplex_staircase_pool_2
Lair:4:   layout_roguey, serial_forest, infiniplex_forest_corner_1,
          infiniplex_forest_lined_room_2, infiniplex_forest_lined_3,
          infiniplex_forest_clump_small, infiniplex_forest_end_1,
          infiniplex_forest_clump_curved, infiniplex_forest_clump_long,
          infiniplex_forest_lined_ring, uniq_urug
Lair:5:   layout_regular_city, grunt_megastairs_5
Lair:6:   minmay_lair_end_enchanted_forest, layout_regular_city,
          dpeg_slime_entry_enclosed_altar, basic_altar
Swamp:1:  layout_basic_swamp, nicolae_swamp_trees_clearing, uniq_jorgrun
Swamp:2:  layout_basic_swamp, portal_ice_cave_entry_ice_statue_two,
          evilmike_swamp_ruin_rubble_1
Swamp:3:  layout_basic_swamp, evilmike_swamp_ruin_house_1, swamp_pool4
Swamp:4:  swamp_alternative, layout_basic_swamp, gammafunk_ghost_cemetery
Snake:1:  gammafunk_its_a_trap, layout_basic
Snake:2:  layout_onion, nicolae_snake_horde_hoard
Snake:3:  layout_rooms
Snake:4:  snake_pit, layout_basic, basic_altar, serial_shops,
          nicolae_shop_stone, grunt_megastairs_1
Slime:1:  layout_caves, cheibrodos_slime_lost_civilization_4
Slime:2:  layout_caves
Slime:3:  layout_caves, uniq_dissolution
Slime:4:  layout_caves
Slime:5
Orc:1:    layout_diamond_mine
Orc:2:    grunt_orc_gardens, layout_caves, grunt_orc_garden, grunt_orc_garden,
          grunt_orc_garden, grunt_orc_garden, basic_altar
Elf:1:    layout_loops_cross, serial_shops, shop, minmay_elf_annihilation,
          grunt_ministairs_1
Elf:2:    layout_geoelf_grid, uniq_nikola, uniq_aizul, uniq_saint_roka
Elf:3:    elf_hall_gauntlet_wide, layout_geoelf_castle, serial_shops, shop
Vaults:1: v_misc_17, nicolae_vaults_little_squares_6, ontoclasm_vaults_tryst,
          vaults_mumra_minichess, serial_ice_m, v_misc_29,
          ontoclasm_vaults_spin, v_misc_24, grunt_vaults_funnel,
          layout_vaults_omnigrid, uniq_asterion
Vaults:2: ontoclasm_vaults_misaligned, hangedman_vaults_hat,
          nicolae_vaults_yaktaur_gun_rack, ontoclasm_vaults_decontamination,
          ontoclasm_vaults_ring_square, ontoclasm_vaults_hangar, serial_ice_b,
          nicolae_vaults_little_squares_1, v_misc_5,
          hangedman_vaults_restitches, ontoclasm_vaults_shout, v_pattern_3,
          nicolae_vaults_shelves_hall, vaults_mumra_hexcomb,
          layout_vaults_omnicross
Vaults:3: nicolae_vaults_asterisk, vaults_dpeg_diagonal,
          nicolae_vaults_ninety_degrees, minmay_crypt_entry_necro_gods,
          v_misc_1, nicolae_vaults_little_squares_6, v_alt_pattern_5,
          nicolae_vaults_little_squares_3, v_misc_23,
          nicolae_vaults_windows_and_doors_thing, grunt_vaults_twisty,
          v_pattern_2, vaults_room_stairs_pillars, layout_vaults_ring,
          serial_shops, bzr_entry_customers
Vaults:4: v_rooms_5, hangedman_vaults_slice, vaults_room_large_hall,
          nicolae_vaults_network_s, vaults_room_fancy_cross,
          nicolae_vaults_inception_statues, nicolae_vaults_little_squares_6,
          ontoclasm_vaults_gateway, v_misc_19, grunt_vaults_hallway_long,
          vaults_room_door_ring, vaults_room_fancy_cross,
          nicolae_vaults_mini_display_case, vaults_room_hallway,
          vaults_room_pool, layout_vaults_maze_snakey, enter_trove_5,
          uniq_xtahua
Vaults:5
Crypt:1:  layout_gridlike
Crypt:2:  layout_chaotic_city
Crypt:3:  lightli_unholy_cathedral, layout_chaotic_city
Depths:1: gammafunk_sealed_library, layout_gridlike, pan_entry,
          lightli_too_deep, dk_noncrumbling_3, kennysheep_generic_room_6,
          firewood_loft, grunt_megastairs_2
Depths:2: minmay_the_grid_triangle_9x9_recursive_3
          [minmay_the_grid_triangle_9x9_shrine,
          minmay_the_grid_triangle_9x9_flanged_cone,
          minmay_the_grid_triangle_9x9_intruding_spiral,
          minmay_the_grid_triangle_9x9_prize_insulated,
          minmay_the_grid_triangle_9x9_corrupted_corridor,
          minmay_the_grid_triangle_9x9_odd_lines,
          minmay_the_grid_triangle_9x9_descending_squares,
          minmay_the_grid_triangle_9x9_sparse_checkered,
          minmay_the_grid_triangle_9x9_dagger], layout_honeycomb, hell_entry,
          small_statue_intersection, gammafunk_ghost_tricky_traps, uniq_mara
Depths:3: minmay_heptahexagon, layout_gridville, hangedman_tar_grid_catacomb,
          minmay_misc_feat_x, abyss_entry_small_statue_room,
          rand_demon_pan_entry_9, minmay_staircase_bubble
Depths:4: minmay_diamond_stairs, layout_gridville, abyss_entry,
          pf_hell_entry_great_geh, kennysheep_random_hallway
Depths:5: grunt_crosshair, layout_basic, enter_ziggurat_d, serial_sigils,
          serial_sigils_hangedman_carve, serial_sigils_hangedman_writhe,
          serial_sigils_hangedman_gnaw, serial_sigils_hangedman_quiver,
          serial_sigils_hangedman_confine, hangedman_decor_points, hell_entry
Zot:1:    layout_concentric_octagons
Zot:2:    layout_misc_corridors
Zot:3:    kennysheep_blocky_hall, layout_misc_corridors
Zot:4:    kennysheep_blocky_room, layout_cathedral_of_symmetry
Zot:5:    layout_misc_corridors, hangedman_zot_decor_checkerboard
Pan:      evilmike_holy_pan

Skill      XL: |  1  2  3  4  5  6  7  8  9 10 11 12 13 14 15 16 17 18 19 20 21 22 23 24 25 26 27 |
---------------+----------------------------------------------------------------------------------+-----
Earth Magic    | 4 5 6 7 8 9 10 11 12 13 14 15 16 18 19 20 21 24 | 24.7
Spellcasting   | 3 4 5 6 9 10 11 12 13 14 15 16 17 18 27 | 27.0
Conjurations   | 1 2 3 4 5 6 7 8 9 10 11 12 13 14 15 27 | 27.0
Fighting       | 2 4 5 6 7 9 10 11 12 13 14 15 17 27 | 27.0
Armour         | 2 3 4 5 6 7 9 |  9.0
Dodging        | 2 3 4 5 6 7 8 9 10 11 12 13 27 | 27.0
Long Blades    | 1 3 7 8 9 10 11 12 13 14 15 19 | 19.0
Evocations     | 2 3 4 5 6 |  6.0
Fire Magic     | 2 5 8 10 11 15 16 17 18 19 23 | 23.9
Necromancy     | 3 4 5 22 | 22.0
Ice Magic      | 25 | 25.9
Shields        | 5 |  5.5
Transmutations | 5 |  5.0
Polearms       | 11 | 11.5
Translocations | 8 |  8.3
Stealth        | |  2.1

Action                   |  1- 3 |  4- 6 |  7- 9 | 10-12 | 13-15 | 16-18 | 19-21 | 22-24 | 25-27 || total
-------------------------+-------+-------+-------+-------+-------+-------+-------+-------+-------++-------
Melee: Dagger            |    34 |   138 |     5 |       |       |       |       |       |       ||   177
       Long sword        |       |       |   187 |   408 |   520 |   800 |   752 |   220 |       ||  2887
       Demon blade       |       |       |       |       |       |       |       |   235 |  2119 ||  2354
       Headbutt          |       |       |       |       |       |       |       |       |   286 ||   286
Throw: Dart              |     3 |       |       |       |       |       |       |       |       ||     3
       Throwing net      |       |       |       |       |     1 |       |       |       |     2 ||     3
 Cast: Sandblast         |    27 |    25 |    31 |    71 |   119 |   121 |     6 |       |       ||   400
       Stone Arrow       |       |     2 |     3 |    13 |    18 |    14 |     1 |     2 |       ||    53
       Lee's Rapid Decon |       |       |     3 |    35 |    51 |   110 |    64 |    28 |    93 ||   384
       Bolt of Magma     |       |       |       |       |     8 |   121 |    21 |       |       ||   150
       Fireball          |       |       |       |       |       |    54 |    32 |     1 |       ||    87
       Irradiate         |       |       |       |       |       |    25 |    11 |       |       ||    36
       Poison Arrow      |       |       |       |       |       |    18 |       |       |       ||    18
       Iron Shot         |       |       |       |       |       |       |   141 |    73 |   291 ||   505
       Ignition          |       |       |       |       |       |       |    46 |    71 |   165 ||   282
       Bolt of Fire      |       |       |       |       |       |       |    33 |    60 |   119 ||   212
       Shatter           |       |       |       |       |       |       |       |    22 |   304 ||   326
       Dispel Undead     |       |       |       |       |       |       |       |     4 |    11 ||    15
       Fire Storm        |       |       |       |       |       |       |       |       |   165 ||   165
       Glaciate          |       |       |       |       |       |       |       |       |   117 ||   117
 Abil: Fly               |       |       |       |       |     1 |       |       |       |       ||     1
Evoke: Wand              |       |       |       |     3 |    16 |    17 |     1 |     1 |     1 ||    39
       Fan of gales      |       |       |       |       |       |       |       |     1 |       ||     1
       Figurine of a zig |       |       |       |       |       |       |       |       |     2 ||     2
  Use: Scroll            |     4 |     9 |     5 |     5 |    18 |    17 |    11 |     7 |    75 ||   151
       Potion            |       |       |       |     9 |    11 |     8 |     6 |     2 |    69 ||   105
 Stab: Sleeping          |     1 |     5 |     4 |     4 |     8 |     4 |     5 |     2 |     1 ||    34
       Distracted        |       |       |       |     3 |     1 |     1 |     3 |       |     2 ||    10
       Invisible         |       |       |       |       |     3 |     3 |       |       |       ||     6
  Eat: Chunk             |     2 |     7 |    27 |    27 |    42 |    51 |    69 |    32 |   111 ||   368
       Ration            |       |       |       |       |       |     1 |     3 |     6 |     7 ||    17
Armor: Robe              |    19 |    49 |    70 |   171 |   193 |   491 |   272 |   174 |   506 ||  1945
       Troll leather arm |       |       |       |       |       |       |       |       |   729 ||   729
Dodge: Dodged            |    25 |    82 |    99 |   221 |   324 |   826 |   542 |   331 |  2051 ||  4501
Block: Other             |     2 |    17 |     1 |       |       |       |    55 |       |       ||    75
       Reflection        |       |     2 |       |       |       |       |       |       |       ||     2
       Buckler           |       |       |       |       |       |       |       |       |   384 ||   384
       Rpst.: Long sword |       |       |    39 |    56 |   101 |   200 |    97 |    41 |       ||   534
       Demon blade       |       |       |       |       |       |       |       |    30 |   362 ||   392

Table legend:
 A = Non-vault XP
 B = Vault XP
 C = Vault XP percentage of total XP
 D = Non-vault monster count
 E = Vault monster count
 F = Vault count percentage of total count
                 A         B        C        D         E       F
            +---------+---------+-------+---------+---------+-------
      Total | 4002074 | 1061681 |  21.0 |    4426 |     928 |  17.3
            +---------+---------+-------+---------+---------+-------
        D:1 |      11 |      17 |  60.7 |       7 |       5 |  41.7
        D:2 |     169 |       0 |   0.0 |      36 |       0 |   0.0
        D:3 |      16 |      23 |  59.0 |       3 |       6 |  66.7
        D:4 |     305 |       0 |   0.0 |      11 |       0 |   0.0
        D:5 |     916 |       0 |   0.0 |      21 |       0 |   0.0
        D:6 |     985 |       0 |   0.0 |      21 |       0 |   0.0
        D:7 |     529 |    1104 |  67.6 |      13 |       2 |  13.3
        D:8 |    1909 |    1220 |  39.0 |      30 |       2 |   6.2
        D:9 |    1954 |     846 |  30.2 |      40 |       8 |  16.7
       D:10 |    1533 |     291 |  16.0 |      29 |       1 |   3.3
       D:11 |    2048 |    1210 |  37.1 |      19 |       8 |  29.6
       D:12 |    6078 |       0 |   0.0 |      36 |       0 |   0.0
       D:13 |    6300 |     934 |  12.9 |      20 |       2 |   9.1
       D:14 |   13236 |    1985 |  13.0 |      42 |       1 |   2.3
       D:15 |   13462 |    2915 |  17.8 |      31 |       4 |  11.4
     Lair:1 |    4232 |    4315 |  50.5 |      19 |      10 |  34.5
     Lair:2 |    2270 |    1819 |  44.5 |       8 |       2 |  20.0
     Lair:3 |    5177 |    3511 |  40.4 |      21 |      16 |  43.2
     Lair:4 |    6808 |     835 |  10.9 |      26 |       1 |   3.7
     Lair:5 |    3477 |     881 |  20.2 |      14 |       5 |  26.3
     Lair:6 |    9558 |    8240 |  46.3 |      45 |      42 |  48.3
    Swamp:1 |    5731 |    3113 |  35.2 |      14 |       1 |   6.7
    Swamp:2 |   18731 |     874 |   4.5 |      37 |       2 |   5.1
    Swamp:3 |   11559 |     572 |   4.7 |      27 |       1 |   3.6
    Swamp:4 |   15706 |   14423 |  47.9 |      41 |      23 |  35.9
    Snake:1 |   14904 |    2463 |  14.2 |      25 |       7 |  21.9
    Snake:2 |   18681 |   11976 |  39.1 |      32 |      26 |  44.8
    Snake:3 |   25396 |       0 |   0.0 |      43 |       0 |   0.0
    Snake:4 |   29827 |   34905 |  53.9 |      56 |      50 |  47.2
    Slime:1 |    8493 |       0 |   0.0 |      19 |       0 |   0.0
    Slime:2 |   18975 |       0 |   0.0 |      29 |       0 |   0.0
    Slime:3 |    2247 |       0 |   0.0 |       1 |       0 |   0.0
    Slime:4 |    5734 |       0 |   0.0 |       5 |       0 |   0.0
    Slime:5 |    9803 |   38663 |  79.8 |      20 |      15 |  42.9
      Orc:1 |    5737 |    1127 |  16.4 |      33 |       1 |   2.9
      Orc:2 |    2027 |    7838 |  79.5 |      34 |      11 |  24.4
      Elf:1 |   16181 |    6204 |  27.7 |      28 |      10 |  26.3
      Elf:2 |   16697 |    9372 |  36.0 |      24 |      10 |  29.4
      Elf:3 |   20299 |   34247 |  62.8 |      31 |      22 |  41.5
   Vaults:1 |   19717 |   20499 |  51.0 |      37 |      25 |  40.3
   Vaults:2 |   31730 |   25640 |  44.7 |      58 |      38 |  39.6
   Vaults:3 |   33771 |   22460 |  39.9 |      54 |      32 |  37.2
   Vaults:4 |   38849 |   23578 |  37.8 |      58 |      30 |  34.1
   Vaults:5 |   18997 |  137918 |  87.9 |      28 |      98 |  77.8
    Crypt:1 |   50263 |       0 |   0.0 |      74 |       0 |   0.0
    Crypt:2 |   30258 |       0 |   0.0 |      45 |       0 |   0.0
    Crypt:3 |   31749 |   40315 |  55.9 |      40 |      35 |  46.7
   Depths:1 |   37381 |   19040 |  33.7 |      45 |      21 |  31.8
   Depths:2 |   36048 |   54699 |  60.3 |      51 |      38 |  42.7
   Depths:3 |   32048 |   68131 |  68.0 |      34 |      48 |  58.5
   Depths:4 |   57834 |   15344 |  21.0 |      60 |      11 |  15.5
   Depths:5 |   31335 |   27816 |  47.0 |      31 |      20 |  39.2
      Zot:1 |   94491 |       0 |   0.0 |      59 |       0 |   0.0
      Zot:2 |   45154 |       0 |   0.0 |      28 |       0 |   0.0
      Zot:3 |   47124 |    6804 |  12.6 |      27 |       4 |  12.9
      Zot:4 |   61253 |   16249 |  21.0 |      34 |       8 |  19.0
      Zot:5 |   52657 |  157881 |  75.0 |      25 |      41 |  62.1
    Abyss:1 |   11092 |    1245 |  10.1 |      20 |       2 |   9.1
    Abyss:2 |   32624 |       0 |   0.0 |      56 |       0 |   0.0
    Abyss:3 |  103731 |   18875 |  15.4 |     194 |      19 |   8.9
        Pan |  226292 |  196671 |  46.5 |     303 |     123 |  28.9
      Zig:1 |    3680 |       0 |   0.0 |       5 |       0 |   0.0
      Zig:2 |   10017 |       0 |   0.0 |       6 |       0 |   0.0
      Zig:3 |   23042 |       0 |   0.0 |       7 |       0 |   0.0
      Zig:4 |   10510 |       0 |   0.0 |      15 |       0 |   0.0
      Zig:5 |   19730 |       0 |   0.0 |      17 |       0 |   0.0
      Zig:6 |   26218 |       0 |   0.0 |      22 |       0 |   0.0
      Zig:7 |   50202 |       0 |   0.0 |      20 |       0 |   0.0
      Zig:8 |   28118 |       0 |   0.0 |      42 |       0 |   0.0
      Zig:9 |   45823 |      46 |   0.1 |      45 |       1 |   2.2
     Zig:10 |   56049 |       0 |   0.0 |      42 |       0 |   0.0
     Zig:11 |   55071 |       0 |   0.0 |      45 |       0 |   0.0
     Zig:12 |   49646 |       0 |   0.0 |      58 |       0 |   0.0
     Zig:13 |   48568 |       0 |   0.0 |      65 |       0 |   0.0
     Zig:14 |   80276 |      32 |   0.0 |      66 |       1 |   1.5
     Zig:15 |   69554 |       0 |   0.0 |      80 |       0 |   0.0
     Zig:16 |   79554 |       0 |   0.0 |      98 |       0 |   0.0
     Zig:17 |   71612 |       0 |   0.0 |     104 |       0 |   0.0
     Zig:18 |  114201 |       0 |   0.0 |      81 |       0 |   0.0
     Zig:19 |  108042 |    2831 |   2.6 |     106 |       5 |   4.5
     Zig:20 |   98077 |     481 |   0.5 |      53 |       1 |   1.9
     Zig:21 |  137732 |       0 |   0.0 |     130 |       0 |   0.0
     Zig:22 |  189429 |       0 |   0.0 |     135 |       0 |   0.0
     Zig:23 |  194398 |       0 |   0.0 |     139 |       0 |   0.0
     Zig:24 |  263542 |       0 |   0.0 |     126 |       0 |   0.0
     Zig:25 |  261633 |       0 |   0.0 |     168 |       0 |   0.0
     Zig:26 |  169535 |       0 |   0.0 |     170 |       0 |   0.0
     Zig:27 |  285716 |       0 |   0.0 |     229 |       0 |   0.0
      IceCv |       0 |    6305 | 100.0 |       0 |      26 | 100.0
   Gauntlet |       0 |    2898 | 100.0 |       0 |       7 | 100.0
            +---------+---------+-------+---------+---------+-------
